 Dungeon Crawl Stone Soup version 0.30.0-29-ga12c61a403 (webtiles) character file.

Game seed: 645289100811204015

525587 qw the Slayer (level 25, -18/160 HPs)
             Began as a Gargoyle Fighter on June 3, 2023.
             Was an Elder of Okawaru.
             Demolished by a golden dragon (41 damage)
             ... on level 4 of the Realm of Zot.
             The game lasted 00:36:22 (54693 turns).

qw the Slayer (Gargoyle Fighter)                   Turns: 54693, Time: 00:36:23

Health: -18/160    AC: 60    Str: 35    XL:     25   Next: 45%
Magic:  30/30      EV: 17    Int:  8    God:    Okawaru [****..]
Gold:   2643       SH: 31    Dex: 16    Spells: 24/24 levels left

rFire   + . .        c - +5 broad axe (vamp)
rCold   x . .        w - +6 tower shield "Loonlonu" {rC- Dex+7}
rNeg    + . .        G - +6 crystal plate armour
rPois   inf          u - +0 hat of Sin {Contam Will+++ rCorr Slay+4}
rElec   +            z - +2 cloak of Weirdness {Str+4}
rCorr   +            o - +1 pair of gloves
SInv    +            A - +1 pair of boots "Cyjuecan" {Rampage SInv}
Will    ++++.        t - amulet of faith Stlth
                     Y - +5 ring of evasion
HPRegen 0.00/turn    r - ring of protection from fire
MPRegen 0.22/turn

%: rampage, faith
@: about to teleport, heroic, flying, inhibited regen, slowed, constricted, very
slow
A: sickness immunity, AC +19, big wings, negative energy resistance 1,
electricity resistance, torment resistance 1, petrification resistance, horns 1,
talons 2, deformed body, dopey 1, frail 1, inhibited regeneration
}: 3/15 runes: decaying, silver, gossamer
a: Renounce Religion, Heroism, Finesse


You were on level 4 of the Realm of Zot.
You worshipped Okawaru.
Okawaru was greatly pleased with you.
You visited 9 branches of the dungeon, and saw 44 of its levels.
You visited 1 bazaar.
You also visited: Gauntlet.

You collected 5470 gold pieces.
You spent 2827 gold pieces at shops.


Innate Abilities, Weirdness & Mutations

You are immune to sickness and miasma.
Your stone body is resilient. (AC +19)
You are immune to poison.
Your large and strong wings let you fly.
You resist negative energy. (rN+)
You are resistant to electric shocks. (rElec)
You are resistant to unholy torment.
You are immune to petrification.
You have a pair of small horns on your head.
You have razor-sharp toenails.
Armour fits poorly on your strangely shaped body.
You are dopey. (Int -2)
You are frail. (-10% HP)
You do not regenerate when monsters are visible.


   Skills:
 - Level 24.0(27) Fighting
 - Level 18.0(23.0) Axes
 + Level 13.7(18.7) Throwing
 - Level 22.0(27) Armour
 - Level 10.0(15.0) Dodging
 - Level 22.0(27) Shields
 - Level 10.0 Invocations


You had 24 spell levels left.
You didn't know any spells.
Your spell library was empty.

Inventory:

Hand Weapons
 c - a +5 vampiric broad axe (weapon)
 g - the +5 broad axe of Internal Strife {venom, rC+ rCorr}
   (You bought it in a shop on level 1 of the Orcish Mines)

   rC:        It protects you from cold.
   rCorr:     It protects you from acid and corrosion.
Missiles
 n - 8 javelins
 p - 4 boomerangs of dispersal
 q - 29 boomerangs
 s - 2 silver boomerangs
 B - 9 silver javelins (quivered)
Armour
 e - +0 gold dragon scales
 o - a +1 pair of gloves (worn)
 u - the +0 hat of Sin (worn) {Contam Will+++ rCorr Slay+4}
   (Okawaru gifted it to you on level 14 of the Dungeon)

   Slay:      It affects your accuracy & damage with ranged weapons and melee
   (+4).
   Contam:    It causes magical contamination when unequipped.
   rCorr:     It protects you from acid and corrosion.
   Will:      It greatly increases your willpower.
 w - the +6 tower shield "Loonlonu" (worn) {rC- Dex+7}
   (You found it in a Gauntlet)

   Dex:       It affects your dexterity (+7).
   rC:        It makes you vulnerable to cold.
 z - the +2 cloak of Weirdness (worn) {Str+4}
   (You found it in a Gauntlet)

   Str:       It affects your strength (+4).
 A - the +1 pair of boots "Cyjuecan" (worn) {Rampage SInv}
   (You found it on level 2 of the Vaults)

   SInv:      It lets you see invisible.
   Rampage:   It bestows one free step when moving towards enemies.
 D - the +0 swamp dragon scales of a ziggurat {rPois rC+ rCorr}
   (Okawaru gifted it to you on level 2 of the Spider Nest)

   rC:        It protects you from cold.
   rPois:     It protects you from poison.
   rCorr:     It protects you from acid and corrosion.
 E - a +2 tower shield
 G - a +6 crystal plate armour (worn)
Jewellery
 a - a ring of protection from cold
 i - an amulet of reflection
 r - a ring of protection from fire (right hand)
 t - an amulet of faith (around neck)
 y - the ring "Raxeala" {Ice Int+6}
   (You took it off Josephina on level 2 of the Realm of Zot)

   [ring of ice]

   It enhances your ice magic.
   Int:       It affects your intelligence (+6).
   rF:        It makes you vulnerable to fire.
   rC:        It protects you from cold.
 F - a +5 ring of evasion
 H - a ring of protection from fire
 Y - a +5 ring of evasion (left hand)
Wands
 v - a wand of digging (15)
Scrolls
 x - 14 scrolls of identify
Potions
 b - 26 potions of curing
 d - 10 potions of might
 f - 3 potions of magic
 h - 8 potions of haste
 j - 5 potions of cancellation
 l - 7 potions of attraction
 m - 5 potions of lignification
 C - a potion of heal wounds

Dungeon Overview and Level Annotations

Branches:
Dungeon (15/15)            Temple (1/1) D:5            Lair (5/5) D:11
  Swamp (4/4) Lair:3       Spider (4/4) Lair:2        Slime (0/5) Lair:5
    Orc (2/2) D:12            Elf (0/3) Orc:2        Vaults (5/5) D:13
  Crypt (0/3) Vaults:2     Depths (4/4) D:15            Zot (4/5) Depths:4
Gauntlet (visited)

Altars:
Ashenzari
Cheibriados
Dithmenos
Elyvilon
Fedhas
Gozag
Hepliaklqana
Kikubaaqudgha
Makhleb
Nemelex Xobeh
Okawaru
Qazlal
Ru
Sif Muna
Trog
Uskayaw
Vehumet
Wu Jian
Xom
Yredelemnul
Zin
The Shining One
Jiyva

Shops:
D:5 (   D:8 ?   D:14 **   Orc:1 *   Orc:2 =![:   Vaults:1 (   Vaults:4 [
Depths:1 [   Depths:4 *

Portals:
Hell: Depths:1 Depths:2 Depths:3 Depths:4
Abyss: Depths:2 Depths:3 Depths:4
Pandemonium: Depths:2
Ziggurat: Depths:2

Annotations:
D:4 1 runed translucent door, Crazy Yiuf
Lair:3 2 runed translucent doors, qw's ghost, journeyman GrFi
Depths:1 2 transporters, qw's ghost, adept GrFi
Depths:3 1 runed translucent door
Zot:3 4 transporters


Message History

The golden dragon barely misses you.
The golden dragon claws you but does no damage.
The golden dragon tramples you but does no damage.
The shadow dragon bites you! The shadow dragon claws you.
The shadow dragon claws you but does no damage.
The tentacled monstrosity tentacle-slaps you.
You block the tentacled monstrosity's attack.
The tentacled monstrosity tentacle-slaps you but does no damage.
The tentacled monstrosity constricts you.
A tentacled monstrosity comes into view.
The purple draconian hits you with a +0 battleaxe.
54693 ||| READING scroll of teleportation.
As you read the scroll of teleportation, it crumbles to dust.
You feel strangely unstable.
You feel the Orb delaying your translocation!
You block the golden dragon's attack. x2; The golden dragon barely misses you.
The shadow dragon bites you but does no damage.
You block the shadow dragon's attack.
The shadow dragon claws you but does no damage.
The death cob barely misses you.
The tentacled monstrosity tentacle-slaps you but does no damage. x3
The tentacled monstrosity constricts you.
The purple draconian completely misses you.
You block the golden dragon's attack.
The golden dragon completely misses you.
The golden dragon misses you.
The shadow dragon bites you but does no damage.
The shadow dragon claws you. The shadow dragon barely misses you.
The tentacled monstrosity tentacle-slaps you but does no damage. x3
The death cob completely misses you.
The tentacled monstrosity tentacle-slaps you but does no damage.
You block the tentacled monstrosity's attack.
The tentacled monstrosity tentacle-slaps you but does no damage.
The tentacled monstrosity constricts you.
The tentacled monstrosity barely misses you.
The tentacled monstrosity tentacle-slaps you.
The tentacled monstrosity closely misses you.
The purple draconian hits you but does no damage.
The golden dragon bites you!!!
You die...

....#########
...........?.#
..............#
.........)....# #
..............# ..
..............# ...
..............##...
......dd.z.........
......dX@Dd...##..
......DDXX..<.#
......yyq..?..#
..............#
..............#
.....?........#
..X...........#
..............#
..............#


You could see a shadow dragon (berserk), 4 tentacled monstrosities, a black
draconian knight (fast, invisible), a golden dragon (berserk), a storm dragon
(berserk, very poisoned), a black draconian (berserk), a green draconian, a
purple draconian (berserk), a white draconian, a death cob and 2 moths of wrath.

Vanquished Creatures
  2 ancient liches (Vaults:5)
  2 orbs of fire (Zot:3)
  A dread lich (Vaults:4)
  A juggernaut (Depths:3)
  Vv (Zot:1)
  Josephina (Zot:2)
  Bai Suzhen (Swamp:3)
  3 curse toes
  Xtahua (Depths:4)
  Margery (Vaults:5)
  10 golden dragons
  Nikola (Swamp:2)
  Jory (Vaults:4)
  2 electric golems (Zot:1)
  10 tentacled monstrosities
  Mlioglotl (Swamp:2)
  A walking crystal tome (Depths:3)
  Zenata (Vaults:1)
  5 liches
  2 walking earthen tomes (Depths:3)
  6 quicksilver dragons
  6 titans
  A walking divine tome (Depths:3)
  7 death cobs
  5 thorn hunters
  4 sphinxes
  Kirke (Swamp:3)
  13 shadow dragons
  5 tengu reavers
  20 storm dragons
  Donald (Swamp:2)
  Roxanne (Spider:3)
  An iron dragon (Depths:3)
  A draconian knight (Zot:1)
  9 emperor scorpions
  13 vault wardens
  3 draconian scorchers
  6 fire giants
  7 frost giants
  12 ghost moths
  Louise (Swamp:4)
  2 draconian shifters
  2 orc warlords
  4 draconian stormcallers
  3 war gargoyles (Vaults:5)
  15 ironbound preservers
  A quicksilver ooze (shapeshifter) (Vaults:5)
  2 broodmothers
  18 stone giants
  A hydra skeleton (Swamp:4)
  2 draconian annihilators
  An ironbound thunderhulk (Vaults:4)
  26 very ugly things
  5 vampire knights
  Nessos (D:13)
  3 black draconians
  9 green draconians
  7 purple draconians
  A minotaur (Gauntlet)
  5 red draconians
  7 white draconians
  4 eleionomae
  14 dire elephants
  11 spark wasps
  8 bunyips
  11 yellow draconians
  14 ettins
  4 fire dragons
  6 entropy weavers
  A deep elf high priest (Vaults:5)
  Harold (D:9)
  13 yaktaur captains
  11 ice dragons
  3 great orbs of eyes
  5 spriggan air magi
  3 peacekeepers
  32 vault guards
  4 rakshasas
  2 hell beasts
  9 centaur warriors
  A death knight (D:13)
  23 hydras
  A jorogumo (Spider:4)
  A jorogumo (shapeshifter) (D:13)
  A ghost crab (Swamp:4)
  8 ironbound frosthearts
  2 ogre magi
  3 radroaches
  10 alligators
  4 boulder beetles
  6 two-headed ogres
  A boulder beetle (shapeshifter) (Depths:3)
  4 hell hogs
  8 deep troll earth magi
  6 spriggan berserkers
  An orc high priest (Orc:2)
  3 vampire magi
  7 tengu warriors
  9 deep troll shamans
  37 hell knights
  5 soul eaters
  Sonja (D:12)
  2 sun demons (Depths:2)
  Nergalle (Lair:3)
  5 sun moths
  10 iron trolls
  A shadow wraith (Vaults:5)
  14 skeletal warriors
  2 sixfirhies (Gauntlet)
  A sea snake (shapeshifter) (D:13)
  3 orb spiders
  4 pharaoh ants
  59 deep trolls
  2 goliath frogs
  5 bog bodies
  5 glowing orange brains
  12 swamp dragons
  4 spriggan druids
  3 flayed ghosts
  10 lindwurms
  16 wizards
  8 necromancers
  A harpy (shapeshifter) (D:15)
  2 spectral hydras (Swamp:4)
  14 ironbound convokers
  9 harpies
  7 phantasmal warriors
  4 deep elf pyromancers
  A wolf spider zombie (D:15)
  4 orc knights
  6 steelbarb worms
  3 oklob plants (Swamp:4)
  5 orc sorcerers
  27 wolf spiders
  3 cyclopes
  14 elephants
  27 ugly things
  A salamander (Depths:2)
  4 will-o-the-wisps
  3 black mambas
  Joseph (D:10)
  2 centaur zombies (D:15)
  20 moths of wrath
  15 vault sentinels
  2 naga magi (D:15)
  3 torpor snails
  3 smoke demons (Depths:2)
  2 centaur skeletons (D:15)
  4 gargoyles
  11 cane toads
  An unseen horror (D:13)
  Psyche (D:9)
  7 demonic crawlers
  2 komodo dragons (Lair:5)
  2 rime drakes
  An efreet (D:13)
  5 freezing wraiths
  A ghost moth simulacrum (Zot:2)
  2 tengu conjurers
  An ice devil (Depths:2)
  29 yaktaurs
  2 death drake zombies (Swamp:4)
  6 tyrant leeches
  2 hydra zombies (Swamp:4)
  3 meliai (D:15)
  5 polar bears (Lair:5)
  2 trolls
  A tarantella (shapeshifter) (D:15)
  21 hornets
  19 blink frogs
  22 tarantellas
  A death drake skeleton (Swamp:4)
  Grinder (D:3)
  11 dream sheep
  39 jumping spiders
  21 culicivoras
  A spriggan (shapeshifter) (D:15)
  Sigmund (D:2)
  3 wyverns
  2 vampires
  37 slime creatures
  2 wraiths
  A human (Swamp:3)
  5 basilisks
  3 shadows
  22 spriggans
  A culicivora (shapeshifter) (Vaults:5)
  A human (shapeshifter) (D:13)
  4 fire bats (Depths:2)
  48 yaks
  2 fire elementals
  6 hogs (Swamp:3)
  2 chaos spawn (Gauntlet)
  3 neqoxecs
  2 steam dragons
  A yellow draconian simulacrum (Zot:2)
  70 redbacks
  23 vampire mosquitoes
  3 wargs
  4 acid dragons
  A swamp worm (shapeshifter) (Depths:4)
  15 swamp worms
  18 water moccasins
  2 moth of wrath simulacra (Zot:2)
  4 hydra simulacra (Swamp:4)
  2 swamp drakes
  3 ice beasts (D:6)
  4 black bears
  29 orc warriors
  33 wolves
  4 boggarts (Lair:5)
  5 swamp dragon zombies (Swamp:4)
  5 ogres
  13 centaurs
  A swamp dragon skeleton (Swamp:4)
  3 kobold brigands
  A gnoll sergeant (D:8)
  8 bullfrogs
  5 scorpions
  6 wights
  10 killer bees
  2 elephant simulacra (Lair:2)
  6 electric eels
  3 howler monkeys
  29 orc priests
  A hound (D:5)
  3 sleepcaps
  9 iguanas
  A gnoll bouda (D:7)
  36 orc wizards
  2 polar bear simulacra (Lair:2)
  Natasha (twice) (D:3)
  Robin (D:3)
  12 gnolls
  9 adders
  3 shadow imps
  3 white imps
  2 ufetubi (D:6)
  6 dart slugs
  89 orcs
  8 ball pythons
  4 bats (D:2)
  8 endoplasms
  2 giant cockroaches
  10 goblins
  9 hobgoblins
  14 kobolds
  2 quokkas
  4 frilled lizards
  9 rats
1865 creatures vanquished.

Vanquished Creatures (others)
  A fire giant (Vaults:5)
  A deep troll shaman (Depths:2)
  A wizard (D:11)
  A deep elf pyromancer (D:12)
  A moth of wrath (Zot:3)
  A bloated husk (Swamp:1)
  A jumping spider (Spider:1)
  12 foxfires
19 creatures vanquished.

Grand Total: 1884 creatures vanquished

Notes
Turn   | Place    | Note
-------+----------+-------------------------------------------
     0 | D:1      | qw the Gargoyle Fighter began the quest for the Orb.
     0 | D:1      | Reached XP level 1. HP: 14/14 MP: 1/1
     0 | D:1      | 0 ||| qw: Version: 0.2-a-103-g5a998e5
     0 | D:1      | 0 ||| qw: Game counter: 1014
     0 | D:1      | 0 ||| qw: Always use a shield: true
     0 | D:1      | 0 ||| qw: God list: Okawaru
     0 | D:1      | 0 ||| qw: Allow faded altars: false
     0 | D:1      | 0 ||| qw: Do Orc after D:15 true
     0 | D:1      | 0 ||| qw: Do second Lair branch before Depths: true
     0 | D:1      | 0 ||| qw: Lair rune preference: random
     0 | D:1      | 0 ||| qw: Plans: Normal, Zot:1-4, Slime:5, God:TSO, Crypt,
                  | Tomb, Pan, Hells, Abyss, Win
     0 | D:1      | 0 ||| PLANNING D:1-11
    35 | D:1      | 35 ||| Stepping ~*~*~tactically~*~*~ (hiding).
    39 | D:1      | 39 ||| Stepping ~*~*~tactically~*~*~ (hiding).
    40 | D:1      | 40 ||| Stepping ~*~*~tactically~*~*~ (hiding).
    54 | D:1      | Reached XP level 2. HP: 17/19 MP: 2/2
    69 | D:1      | 69 ||| Stepping ~*~*~tactically~*~*~ (stealth).
   268 | D:1      | 268 ||| Stepping ~*~*~tactically~*~*~ (hiding).
   285 | D:1      | 285 ||| Stepping ~*~*~tactically~*~*~ (stealth).
   293 | D:1      | Reached skill level 3 in Axes
   303 | D:1      | 303 ||| Stepping ~*~*~tactically~*~*~ (stealth).
   324 | D:1      | Reached XP level 3. HP: 23/23 MP: 3/3
   779 | D:1      | 779 ||| READING scroll labelled XEAGORETS BEISANG.
   783 | D:1      | 783 ||| READING scroll labelled QUAROH QYHA.
   784 | D:1      | 784 ||| READING scroll labelled AJUAFI DUSCHITT.
   785 | D:1      | 785 ||| READING scroll labelled ROMIAGH POIRO.
   786 | D:1      | 786 ||| READING scroll labelled LAESCH ITTUETT.
   827 | D:2      | 827 ||| Stepping ~*~*~tactically~*~*~ (hiding).
   828 | D:2      | 828 ||| Stepping ~*~*~tactically~*~*~ (hiding).
   835 | D:2      | Reached skill level 1 in Throwing
   878 | D:2      | 878 ||| Stepping ~*~*~tactically~*~*~ (stealth).
  1028 | D:2      | Reached XP level 4. HP: 28/28 MP: 4/4
  1288 | D:2      | Noticed Sigmund
  1289 | D:2      | 1289 ||| Stepping ~*~*~tactically~*~*~ (hiding).
  1300 | D:2      | Killed Sigmund
  1301 | D:2      | Reached XP level 5. HP: 12/32 MP: 5/5
  1302 | D:2      | 1302 ||| Stepping ~*~*~tactically~*~*~ (stealth).
  1380 | D:2      | 1380 ||| Stepping ~*~*~tactically~*~*~ (stealth).
  1388 | D:2      | 1388 ||| Stepping ~*~*~tactically~*~*~ (stealth).
  1412 | D:2      | Reached XP level 6. HP: 37/37 MP: 6/6
  1612 | D:2      | 1612 ||| UPGRADING to +0 pair of boots.
  1617 | D:2      | 1617 ||| UPGRADING to +5 ring of evasion.
  1618 | D:2      | 1618 ||| DRINKING 3 metallic coppery potions.
  1698 | D:3      | Noticed Robin
  1699 | D:3      | 1699 ||| Stepping ~*~*~tactically~*~*~ (hiding).
  1708 | D:3      | Killed Robin
  1729 | D:3      | 1729 ||| Stepping ~*~*~tactically~*~*~ (hiding).
  1730 | D:3      | 1730 ||| Stepping ~*~*~tactically~*~*~ (hiding).
  1901 | D:3      | Noticed Grinder
  1902 | D:3      | 1902 ||| Stepping ~*~*~tactically~*~*~ (hiding).
  1904 | D:3      | 1904 ||| Stepping ~*~*~tactically~*~*~ (hiding).
  1905 | D:3      | 1905 ||| Stepping ~*~*~tactically~*~*~ (hiding).
  1910 | D:3      | Paralysed by Grinder for 2 turns
  1915 | D:3      | Paralysed by Grinder for 4 turns
  1919 | D:3      | 1919 ||| FLEEEEING.
  1920 | D:3      | 1920 ||| FLEEEEING.
  1925 | D:3      | 1925 ||| Stepping ~*~*~tactically~*~*~ (hiding).
  1926 | D:3      | 1926 ||| Stepping ~*~*~tactically~*~*~ (hiding).
  1937 | D:3      | Killed Grinder
  1938 | D:3      | Reached skill level 5 in Fighting
  1938 | D:3      | Reached XP level 7. HP: 44/44 MP: 7/7
  1994 | D:3      | 1994 ||| DROPPING +0 whip.
  2075 | D:3      | Found a faded altar of an unknown god.
  2123 | D:3      | 2123 ||| Stepping ~*~*~tactically~*~*~ (hiding).
  2239 | D:3      | Noticed Natasha
  2241 | D:3      | Killed Natasha
  2399 | D:3      | Noticed Natasha
  2400 | D:3      | 2400 ||| Stepping ~*~*~tactically~*~*~ (stealth).
  2419 | D:3      | Killed Natasha
  2420 | D:3      | Reached skill level 1 in Dodging
  2571 | D:3      | 2571 ||| UPGRADING to +0 helmet.
  2576 | D:3      | 2576 ||| UPGRADING to amulet of reflection.
  2581 | D:3      | 2581 ||| READING scroll labelled ZUONGITTI YBU.
  2581 | D:3      | Identified a scroll of acquirement
  2581 | D:3      | 2581 ||| ACQUIRING +2 ring mail "Paox" {rElec rN+}
  2581 | D:3      | Acquired the +2 ring mail "Paox" {rElec rN+}
  2583 | D:3      | 2583 ||| UPGRADING to +2 ring mail "Paox" {rElec rN+}.
  2593 | D:3      | 2593 ||| DROPPING +0 scale mail.
  2594 | D:3      | 2594 ||| READING scroll labelled OSMEUN HIS GOODENT.
  2595 | D:3      | 2595 ||| READING scroll labelled CAEKUI RUSI.
  2596 | D:3      | 2596 ||| READING scroll labelled SEKAUDINUE.
  2597 | D:3      | 2597 ||| READING 2 scrolls labelled ITITIX RAMMO.
  2598 | D:3      | 2598 ||| DROPPING scroll of immolation.
  2630 | D:4      | 2630 ||| Stepping ~*~*~tactically~*~*~ (stealth).
  2701 | D:4      | Found a bloodstained altar of Trog.
  2718 | D:4      | 2718 ||| Stepping ~*~*~tactically~*~*~ (hiding).
  2757 | D:4      | 2757 ||| Stepping ~*~*~tactically~*~*~ (stealth).
  2797 | D:4      | Reached skill level 6 in Axes
  2841 | D:4      | Found a blossoming altar of Fedhas.
  3000 | D:4      | 3000 ||| Stepping ~*~*~tactically~*~*~ (hiding).
  3001 | D:4      | 3001 ||| Stepping ~*~*~tactically~*~*~ (hiding).
  3002 | D:4      | 3002 ||| Stepping ~*~*~tactically~*~*~ (hiding).
  3006 | D:4      | 3006 ||| Stepping ~*~*~tactically~*~*~ (hiding).
  3230 | D:4      | Found a runed translucent door.
  3231 | D:4      | Noticed Crazy Yiuf
  3234 | D:4      | 3234 ||| READING scroll labelled QECWACI SUTATE.
  3235 | D:4      | 3235 ||| READING scroll labelled GAIPAL GARODI.
  3276 | D:5      | Entered Level 5 of the Dungeon
  3371 | D:5      | 3371 ||| Stepping ~*~*~tactically~*~*~ (stealth).
  3544 | D:5      | 3544 ||| DROPPING +4 mace.
  3633 | D:5      | Reached XP level 8. HP: 50/50 MP: 8/8
  3706 | D:5      | Found a staircase to the Ecumenical Temple.
  3707 | D:5      | 3707 ||| PLANNING TEMPLE
  3707 | D:5      | 3707 ||| UPGRADING to +1 scale mail of willpower.
  3717 | D:5      | 3717 ||| DROPPING +2 ring mail "Paox" {rElec rN+}.
  3718 | D:5      | 3718 ||| READING scroll labelled MURHIP IPLONK.
  3724 | Temple   | Entered the Ecumenical Temple
  3953 | Temple   | 3953 ||| PLANNING D:1-11
  3985 | D:5      | Found an iron altar of Okawaru.
  3986 | D:5      | 3986 ||| PLANNING OKAWARU WORSHIP
  3989 | D:5      | Found a sacrificial altar of Ru.
  3990 | D:5      | Found a hazy altar of Hepliaklqana.
  3996 | D:5      | Became a worshipper of Warmaster Okawaru
  3996 | D:5      | 3996 ||| PLANNING D:1-11
  4139 | D:5      | Found Muthru Suaha's Weapon Shoppe.
  4300 | D:5      | 4300 ||| Stepping ~*~*~tactically~*~*~ (stealth).
  4308 | D:5      | 4308 ||| Stepping ~*~*~tactically~*~*~ (hiding).
  4368 | D:5      | 4368 ||| READING scroll of enchant weapon.
  4368 | D:5      | 4368 ||| ENCHANTING +1 war axe.
  4389 | D:5      | 4389 ||| Stepping ~*~*~tactically~*~*~ (hiding).
  4455 | D:5      | 4455 ||| Stepping ~*~*~tactically~*~*~ (hiding).
  4470 | D:5      | Reached skill level 6 in Fighting
  4485 | D:5      | Reached * piety under Okawaru
  4629 | D:5      | 4629 ||| DRINKING 2 bubbling pink potions.
  4630 | D:5      | 4630 ||| DROPPING potion of flight.
  4744 | D:6      | Reached skill level 1 in Invocations
  4930 | D:6      | 4930 ||| READING scroll of enchant weapon.
  4930 | D:6      | 4930 ||| ENCHANTING +2 war axe.
  5138 | D:6      | 5138 ||| INVOKING Heroism.
  5149 | D:6      | Reached XP level 9. HP: 55/55 MP: 8/11
  5160 | D:6      | 5160 ||| Stepping ~*~*~tactically~*~*~ (stealth).
  5182 | D:6      | Reached skill level 3 in Invocations
  5254 | D:6      | Reached skill level 9 in Axes
  5284 | D:6      | Reached ** piety under Okawaru
  5312 | D:6      | 5312 ||| DRINKING 2 green potions.
  5313 | D:6      | 5313 ||| DRINKING 2 white potions.
  5386 | D:7      | Reached skill level 7 in Fighting
  5651 | D:7      | 5651 ||| DROPPING +0 flail.
  5702 | D:7      | 5702 ||| Stepping ~*~*~tactically~*~*~ (hiding).
  5705 | D:7      | 5705 ||| INVOKING Heroism.
  5716 | D:7      | 5716 ||| Stepping ~*~*~tactically~*~*~ (stealth).
  5725 | D:7      | 5725 ||| Stepping ~*~*~tactically~*~*~ (hiding).
  5727 | D:7      | 5727 ||| Stepping ~*~*~tactically~*~*~ (hiding).
  6160 | D:7      | 6160 ||| READING scroll labelled KEQUCA MAHICEI.
  6221 | D:8      | 6221 ||| Stepping ~*~*~tactically~*~*~ (stealth).
  6259 | D:8      | Reached XP level 10. HP: 53/63 MP: 13/13
  6269 | D:8      | Reached *** piety under Okawaru
  6372 | D:8      | 6372 ||| Stepping ~*~*~tactically~*~*~ (hiding).
  6381 | D:8      | Reached skill level 8 in Fighting
  6409 | D:8      | 6409 ||| Stepping ~*~*~tactically~*~*~ (hiding).
  6711 | D:8      | 6711 ||| INVOKING Heroism.
  6721 | D:8      | 6721 ||| Stepping ~*~*~tactically~*~*~ (stealth).
  6818 | D:8      | 6818 ||| INVOKING Heroism.
  6819 | D:8      | Found The Oracle's Delphic Readings.
  6823 | D:8      | Reached skill level 3 in Throwing
  6847 | D:8      | 6847 ||| BUYING scroll of enchant weapon (112 gold).
  6847 | D:8      | Bought a scroll of enchant weapon for 112 gold pieces
  6847 | D:8      | 6847 ||| BUYING scroll of identify (30 gold).
  6847 | D:8      | Bought a scroll of identify for 30 gold pieces
  6847 | D:8      | 6847 ||| BUYING scroll of teleportation (45 gold).
  6847 | D:8      | Bought a scroll of teleportation for 45 gold pieces
  6847 | D:8      | 6847 ||| READING scroll of enchant weapon.
  6847 | D:8      | 6847 ||| ENCHANTING +3 war axe.
  6932 | D:8      | 6932 ||| UPGRADING to +0 kite shield.
  6942 | D:8      | 6942 ||| DROPPING +0 buckler.
  6943 | D:8      | 6943 ||| UPGRADING to +0 chain mail.
  6953 | D:8      | 6953 ||| DROPPING +1 scale mail of willpower.
  7086 | D:9      | 7086 ||| INVOKING Heroism.
  7104 | D:9      | 7104 ||| FLEEEEING.
  7234 | D:9      | 7234 ||| SWAPPING to +1 heavy war axe.
  7235 | D:9      | 7235 ||| DROPPING +4 war axe.
  7238 | D:9      | 7238 ||| INVOKING Heroism.
  7277 | D:9      | Reached skill level 6 in Shields
  7277 | D:9      | 7277 ||| DRINKING 2 potions of curing.
  7277 | D:9      | 7277 ||| (to cure confusion)
  7404 | D:9      | Noticed Harold
  7405 | D:9      | 7405 ||| Stepping ~*~*~tactically~*~*~ (hiding).
  7410 | D:9      | 7410 ||| INVOKING Heroism.
  7418 | D:9      | Killed Harold
  7439 | D:9      | Identified the +0 leather armour of the Blessed Realm
                  | {*Slow rCorr Stlth+}
  7535 | D:9      | 7535 ||| INVOKING Heroism.
  7605 | D:9      | Noticed Psyche
  7606 | D:9      | 7606 ||| Stepping ~*~*~tactically~*~*~ (hiding).
  7607 | D:9      | 7607 ||| Stepping ~*~*~tactically~*~*~ (hiding).
  7608 | D:9      | 7608 ||| Stepping ~*~*~tactically~*~*~ (hiding).
  7609 | D:9      | 7609 ||| Stepping ~*~*~tactically~*~*~ (hiding).
  7610 | D:9      | 7610 ||| Stepping ~*~*~tactically~*~*~ (hiding).
  7611 | D:9      | 7611 ||| DRINKING potion of cancellation.
  7612 | D:9      | 7612 ||| INVOKING Heroism.
  7616 | D:9      | 7616 ||| DRINKING potion of curing.
  7616 | D:9      | 7616 ||| (to cure confusion)
  7619 | D:9      | Killed Psyche
  7974 | D:9      | Found a glowing golden altar of the Shining One.
  7980 | D:9      | 7980 ||| UPGRADING to +3 chain mail of cold resistance.
  7990 | D:9      | 7990 ||| DROPPING +0 chain mail.
  7991 | D:9      | 7991 ||| DRINKING 2 clear potions.
  7992 | D:9      | 7992 ||| DROPPING potion of brilliance.
  8027 | D:10     | Entered Level 10 of the Dungeon
  8034 | D:10     | Reached **** piety under Okawaru
  8039 | D:10     | 8039 ||| STAIRDANCE
  8083 | D:10     | Reached XP level 11. HP: 61/68 MP: 14/14
  8165 | D:10     | Reached skill level 9 in Shields
  8207 | D:10     | Noticed a two-headed ogre
  8208 | D:10     | 8208 ||| INVOKING Heroism.
  8211 | D:10     | Killed a two-headed ogre
  8212 | D:10     | Reached skill level 6 in Invocations
  8221 | D:10     | 8221 ||| Stepping ~*~*~tactically~*~*~ (stealth).
  8231 | D:10     | Reached ***** piety under Okawaru
  8297 | D:10     | Received a gift from Okawaru
  8334 | D:10     | 8334 ||| SWAPPING to +2 broad axe of venom.
  8335 | D:10     | 8335 ||| DROPPING +1 heavy war axe.
  8347 | D:10     | Noticed a purple ugly thing
  8353 | D:10     | 8353 ||| INVOKING Heroism.
  8356 | D:10     | Killed a purple ugly thing
  8378 | D:10     | 8378 ||| DROPPING +0 heavy flail.
  8394 | D:10     | Noticed Joseph
  8400 | D:10     | 8400 ||| INVOKING Heroism.
  8407 | D:10     | Killed Joseph
  8546 | D:10     | 8546 ||| INVOKING Heroism.
  8856 | D:10     | 8856 ||| UPGRADING to +0 cloak.
  8861 | D:10     | 8861 ||| DRINKING 3 brown potions.
  8861 | D:10     | Gained mutation: Your muscles are strong. (Str +4, Int/Dex
                  | -1) [potion of mutation]
  8861 | D:10     | Gained mutation: You are agile. (Dex +4, Str/Int -1)
                  | [potion of mutation]
  8898 | D:11     | 8898 ||| DRINKING 2 potions of curing.
  8898 | D:11     | 8898 ||| (to cure confusion)
  8954 | D:11     | Found a staircase to the Lair.
  8969 | D:11     | Noticed a two-headed ogre
  8970 | D:11     | 8970 ||| INVOKING Heroism.
  8976 | D:11     | Killed a two-headed ogre
  9007 | D:11     | Identified the +6 morningstar "Huipeal" {heavy, *Rage rF+
                  | MP+9}
  9009 | D:11     | 9009 ||| DROPPING +6 morningstar "Huipeal" {heavy, *Rage
                  | rF+ MP+9}.
  9039 | D:11     | Noticed a cyclops
  9040 | D:11     | 9040 ||| INVOKING Heroism.
  9045 | D:11     | Noticed a wizard
  9049 | D:11     | Killed a cyclops
  9050 | D:11     | Reached skill level 6 in Armour
  9058 | D:11     | Killed a wizard
  9359 | D:11     | 9359 ||| PLANNING LAIR
  9359 | D:11     | 9359 ||| READING scroll labelled COJAIF FAEXT.
  9360 | D:11     | 9360 ||| DRINKING 2 ruby potions.
  9361 | D:11     | 9361 ||| DRINKING 2 red potions.
  9362 | D:11     | 9362 ||| DROPPING potion of degeneration.
  9386 | Lair:1   | Entered Level 1 of the Lair of Beasts
  9414 | Lair:1   | 9414 ||| INVOKING Heroism.
  9423 | Lair:1   | Reached skill level 9 in Invocations
  9423 | Lair:1   | Reached XP level 12. HP: 73/73 MP: 16/18
  9683 | Lair:1   | 9683 ||| Stepping ~*~*~tactically~*~*~ (hiding).
  9684 | Lair:1   | 9684 ||| Stepping ~*~*~tactically~*~*~ (hiding).
  9746 | Lair:1   | 9746 ||| INVOKING Heroism.
 10237 | Lair:1   | 10237 ||| Stepping ~*~*~tactically~*~*~ (stealth).
 10238 | Lair:1   | 10238 ||| Stepping ~*~*~tactically~*~*~ (stealth).
 10259 | Lair:1   | Received a gift from Okawaru
 10339 | Lair:1   | 10339 ||| UPGRADING to +1 pair of gloves.
 10344 | Lair:1   | 10344 ||| READING scroll labelled IHAINOAQOA.
 10345 | Lair:1   | 10345 ||| READING 3 scrolls of identify.
 10345 | Lair:1   | 10345 ||| IDENTIFYING bubbling orange potion
 10346 | Lair:1   | 10346 ||| READING 2 scrolls of identify.
 10346 | Lair:1   | 10346 ||| IDENTIFYING fizzy golden potion
 10347 | Lair:1   | 10347 ||| DROPPING potion of berserk rage.
 10361 | Lair:2   | 10361 ||| INVOKING Heroism.
 10384 | Lair:2   | Found a hole to the Spider Nest.
 10426 | Lair:2   | 10426 ||| Stepping ~*~*~tactically~*~*~ (stealth).
 10584 | Lair:2   | Reached skill level 9 in Fighting
 10615 | Lair:2   | 10615 ||| INVOKING Heroism.
 10659 | Lair:2   | Found a frozen archway.
 10707 | Lair:2   | 10707 ||| INVOKING Heroism.
 10852 | Lair:2   | 10852 ||| Stepping ~*~*~tactically~*~*~ (hiding).
 10854 | Lair:2   | 10854 ||| Stepping ~*~*~tactically~*~*~ (hiding).
 11590 | Lair:2   | 11590 ||| DROPPING ring of wizardry.
 11591 | Lair:2   | 11591 ||| DROPPING ring of flight.
 11592 | Lair:2   | 11592 ||| READING 2 scrolls of identify.
 11592 | Lair:2   | 11592 ||| IDENTIFYING metallic puce potion
 11593 | Lair:2   | 11593 ||| DROPPING potion of ambrosia.
 11637 | Lair:3   | Reached skill level 12 in Axes
 11761 | Lair:3   | Noticed Nergalle
 11762 | Lair:3   | 11762 ||| INVOKING Heroism.
 11784 | Lair:3   | Killed Nergalle
 11784 | Lair:3   | Received a gift from Okawaru
 11792 | Lair:3   | Reached skill level 3 in Dodging
 11793 | Lair:3   | Received a gift from Okawaru
 11794 | Lair:3   | Reached XP level 13. HP: 64/80 MP: 20/20
 11843 | Lair:3   | 11843 ||| DROPPING +2 war axe of electrocution.
 11870 | Lair:3   | Found a large runed translucent door.
 11871 | Lair:3   | Found a large runed translucent door.
 11915 | Lair:3   | Found a staircase to the Swamp.
 11916 | Lair:3   | 11916 ||| Stepping ~*~*~tactically~*~*~ (stealth).
 11926 | Lair:3   | 11926 ||| INVOKING Heroism.
 11933 | Lair:3   | Reached skill level 10 in Fighting
 12081 | Lair:3   | Noticed qw's ghost (journeyman GrFi)
 12153 | Lair:3   | 12153 ||| INVOKING Heroism.
 12156 | Lair:3   | 12156 ||| Stepping ~*~*~tactically~*~*~ (cloud).
 12186 | Lair:3   | Found a sparkling altar of Nemelex Xobeh.
 12483 | Lair:3   | 12483 ||| DRINKING 2 fuming coppery potions.
 12484 | Lair:3   | 12484 ||| DROPPING potion of invisibility.
 12693 | Lair:4   | 12693 ||| INVOKING Heroism.
 12919 | Lair:4   | 12919 ||| Stepping ~*~*~tactically~*~*~ (water).
 12961 | Lair:4   | 12961 ||| Stepping ~*~*~tactically~*~*~ (water).
 13358 | Lair:4   | 13358 ||| UPGRADING to ring of protection from cold.
 13390 | Lair:5   | Entered Level 5 of the Lair of Beasts
 13393 | Lair:5   | 13393 ||| INVOKING Heroism.
 13445 | Lair:5   | 13445 ||| FLEEEEING.
 13452 | Lair:5   | 13452 ||| INVOKING Heroism.
 13464 | Lair:5   | Received a gift from Okawaru
 13536 | Lair:5   | 13536 ||| Stepping ~*~*~tactically~*~*~ (hiding).
 13537 | Lair:5   | 13537 ||| INVOKING Heroism.
 13538 | Lair:5   | 13538 ||| Stepping ~*~*~tactically~*~*~ (hiding).
 13539 | Lair:5   | 13539 ||| INVOKING Finesse.
 13542 | Lair:5   | 13542 ||| Stepping ~*~*~tactically~*~*~ (hiding).
 13550 | Lair:5   | 13550 ||| SWAPPING to +0 morningstar.
 13555 | Lair:5   | Reached skill level 9 in Armour
 13562 | Lair:5   | 13562 ||| SWAPPING to +2 broad axe of venom.
 13588 | Lair:5   | 13588 ||| SWAPPING to +0 morningstar.
 13596 | Lair:5   | 13596 ||| SWAPPING to +2 broad axe of venom.
 13614 | Lair:5   | 13614 ||| INVOKING Heroism.
 13691 | Lair:5   | 13691 ||| INVOKING Heroism.
 13739 | Lair:5   | 13739 ||| Stepping ~*~*~tactically~*~*~ (stealth).
 13741 | Lair:5   | 13741 ||| INVOKING Heroism.
 13755 | Lair:5   | 13755 ||| Stepping ~*~*~tactically~*~*~ (stealth).
 13769 | Lair:5   | 13769 ||| INVOKING Finesse.
 13802 | Lair:5   | 13802 ||| INVOKING Heroism.
 13838 | Lair:5   | Gained mutation: Your large and strong wings let you fly.
                  | [Gargoyle growth]
 13838 | Lair:5   | Reached XP level 14. HP: 84/88 MP: 21/21
 13868 | Lair:5   | 13868 ||| Stepping ~*~*~tactically~*~*~ (stealth).
 13874 | Lair:5   | 13874 ||| Stepping ~*~*~tactically~*~*~ (stealth).
 13875 | Lair:5   | 13875 ||| Stepping ~*~*~tactically~*~*~ (stealth).
 13906 | Lair:5   | 13906 ||| INVOKING Heroism.
 13942 | Lair:5   | 13942 ||| INVOKING Heroism.
 13944 | Lair:5   | Received a gift from Okawaru
 13978 | Lair:5   | Reached skill level 11 in Fighting
 13982 | Lair:5   | 13982 ||| Stepping ~*~*~tactically~*~*~ (stealth).
 13983 | Lair:5   | 13983 ||| Stepping ~*~*~tactically~*~*~ (stealth).
 14014 | Lair:5   | 14014 ||| INVOKING Heroism.
 14020 | Lair:5   | 14020 ||| SWAPPING to +0 morningstar.
 14023 | Lair:5   | 14023 ||| SWAPPING to +2 broad axe of venom.
 14060 | Lair:5   | HP: 16/90 [spriggan rider/+0 spear (14)]
 14061 | Lair:5   | 14061 ||| READING 7 scrolls of teleportation.
 14062 | Lair:5   | 14062 ||| DRINKING 5 potions of heal wounds.
 14064 | Lair:5   | 14064 ||| INVOKING Heroism.
 14065 | Lair:5   | HP: 20/90 [spriggan rider/+0 spear (6)]
 14066 | Lair:5   | 14066 ||| DRINKING 4 potions of heal wounds.
 14313 | Lair:5   | 14313 ||| Stepping ~*~*~tactically~*~*~ (stealth).
 14314 | Lair:5   | 14314 ||| Stepping ~*~*~tactically~*~*~ (stealth).
 14315 | Lair:5   | 14315 ||| Stepping ~*~*~tactically~*~*~ (stealth).
 14400 | Lair:5   | Found a viscous altar of Jiyva.
 14401 | Lair:5   | Found a staircase to the Slime Pits.
 14413 | Lair:5   | Reached skill level 12 in Shields
 14646 | Lair:5   | 14646 ||| Stepping ~*~*~tactically~*~*~ (stealth).
 14647 | Lair:5   | 14647 ||| Stepping ~*~*~tactically~*~*~ (stealth).
 14657 | Lair:5   | 14657 ||| INVOKING Heroism.
 14682 | Lair:5   | 14682 ||| Stepping ~*~*~tactically~*~*~ (stealth).
 14739 | Lair:5   | 14739 ||| Stepping ~*~*~tactically~*~*~ (stealth).
 14741 | Lair:5   | 14741 ||| Stepping ~*~*~tactically~*~*~ (stealth).
 14744 | Lair:5   | 14744 ||| Stepping ~*~*~tactically~*~*~ (stealth).
 14909 | Lair:5   | 14909 ||| Stepping ~*~*~tactically~*~*~ (stealth).
 14911 | Lair:5   | 14911 ||| INVOKING Heroism.
 14912 | Lair:5   | 14912 ||| INVOKING Finesse.
 15257 | Lair:5   | 15257 ||| PLANNING D
 15257 | Lair:5   | 15257 ||| DROPPING +1 hat.
 15435 | D:12     | 15435 ||| Stepping ~*~*~tactically~*~*~ (hiding).
 15437 | D:12     | 15437 ||| Stepping ~*~*~tactically~*~*~ (hiding).
 15528 | D:12     | 15528 ||| Stepping ~*~*~tactically~*~*~ (hiding).
 15539 | D:12     | 15539 ||| INVOKING Heroism.
 15540 | D:12     | Received a gift from Okawaru
 15704 | D:12     | Identified the +0 lajatang of Foolhardiness {spect, rPois
                  | rN+ Will- Dex+3}
 15715 | D:12     | 15715 ||| INVOKING Heroism.
 15764 | D:12     | 15764 ||| Stepping ~*~*~tactically~*~*~ (stealth).
 15783 | D:12     | Found a staircase to the Orcish Mines.
 15806 | D:12     | 15806 ||| Stepping ~*~*~tactically~*~*~ (stealth).
 15868 | D:12     | 15868 ||| Stepping ~*~*~tactically~*~*~ (stealth).
 15886 | D:12     | Noticed Sonja
 15903 | D:12     | Killed Sonja
 16045 | D:12     | 16045 ||| Stepping ~*~*~tactically~*~*~ (stealth).
 16047 | D:12     | 16047 ||| Stepping ~*~*~tactically~*~*~ (hiding).
 16100 | D:12     | Reached skill level 15 in Axes
 16200 | D:12     | 16200 ||| Stepping ~*~*~tactically~*~*~ (stealth).
 16237 | D:13     | 16237 ||| PLANNING GAUNTLET
 16248 | D:13     | Found a gate leading to a gauntlet.
 16256 | Gauntlet | Entered a Gauntlet
 16256 | Gauntlet | Found a transporter.
 16270 | Gauntlet | Found a transporter.
 16280 | Gauntlet | Found a transporter.
 16285 | Gauntlet | Found a transporter.
 16302 | Gauntlet | Found a transporter.
 16322 | Gauntlet | Found a transporter.
 16334 | Gauntlet | Found a transporter.
 16340 | Gauntlet | Found a transporter.
 16342 | Gauntlet | Found a transporter.
 16359 | Gauntlet | Found a transporter.
 16371 | Gauntlet | Found a transporter.
 16377 | Gauntlet | Found a transporter.
 16379 | Gauntlet | Found a transporter.
 16379 | Gauntlet | Found a transporter.
 16396 | Gauntlet | Found a transporter.
 16414 | Gauntlet | Found a transporter.
 16433 | Gauntlet | Found a transporter.
 16673 | Gauntlet | Found a transporter.
 16696 | Gauntlet | Identified the +2 cloak of Weirdness {Str+4}
 16698 | Gauntlet | 16698 ||| UPGRADING to +2 cloak of Weirdness {Str+4}.
 16708 | Gauntlet | 16708 ||| DROPPING +0 cloak.
 16709 | Gauntlet | 16709 ||| READING 7 scrolls of identify.
 16709 | Gauntlet | 16709 ||| IDENTIFYING fuming inky potion
 16724 | Gauntlet | Gained mutation: Your spells are a little easier to cast,
                  | but a little less powerful. [a neqoxec]
 16726 | Gauntlet | 16726 ||| ZAPPING wand of digging (5).
 16739 | Gauntlet | Identified the staff of death "Acayczog" {rF+++ rC- rN+
                  | Will+++ Int-5}
 16822 | Gauntlet | 16822 ||| READING scroll of enchant weapon.
 16822 | Gauntlet | 16822 ||| ENCHANTING +2 broad axe of venom.
 16826 | Gauntlet | Identified the amulet "Ogif" {Acrobat Will+}
 16828 | Gauntlet | 16828 ||| DROPPING amulet "Ogif" {Acrobat Will+}.
 16853 | Gauntlet | 16853 ||| INVOKING Heroism.
 16854 | Gauntlet | 16854 ||| INVOKING Finesse.
 16900 | Gauntlet | 16900 ||| DROPPING +0 morningstar.
 16903 | Gauntlet | Identified the +6 tower shield "Loonlonu" {rC- Dex+7}
 16911 | Gauntlet | 16911 ||| DROPPING +0 plate armour.
 16912 | Gauntlet | 16912 ||| UPGRADING to +6 tower shield "Loonlonu" {rC-
                  | Dex+7}.
 16922 | Gauntlet | 16922 ||| DROPPING +0 kite shield.
 16923 | Gauntlet | 16923 ||| UPGRADING to +2 plate armour of poison
                  | resistance.
 16933 | Gauntlet | 16933 ||| UPGRADING to +2 plate armour of positive energy.
 16943 | Gauntlet | 16943 ||| DROPPING +2 plate armour of poison resistance.
 16947 | D:13     | 16947 ||| PLANNING D
 17011 | D:13     | 17011 ||| INVOKING Heroism.
 17012 | D:13     | 17012 ||| INVOKING Finesse.
 17018 | D:13     | 17018 ||| SWAPPING to +0 heavy morningstar.
 17021 | D:13     | 17021 ||| SWAPPING to +3 broad axe of venom.
 17085 | D:13     | Noticed Nessos
 17086 | D:13     | 17086 ||| Stepping ~*~*~tactically~*~*~ (hiding).
 17088 | D:13     | 17088 ||| INVOKING Finesse.
 17094 | D:13     | Killed Nessos
 17094 | D:13     | Received a gift from Okawaru
 17167 | D:13     | 17167 ||| Stepping randomly (disturbance).
 17168 | D:13     | 17168 ||| Stepping randomly (disturbance).
 17190 | D:13     | 17190 ||| FLEEEEING.
 17195 | D:13     | 17195 ||| FLEEEEING.
 17196 | D:13     | 17196 ||| FLEEEEING.
 17197 | D:13     | 17197 ||| Stepping ~*~*~tactically~*~*~ (hiding).
 17202 | D:13     | 17202 ||| FLEEEEING.
 17203 | D:13     | 17203 ||| FLEEEEING.
 17212 | D:13     | 17212 ||| Stepping ~*~*~tactically~*~*~ (hiding).
 17235 | D:13     | 17235 ||| FLEEEEING.
 17237 | D:13     | 17237 ||| FLEEEEING.
 17240 | D:13     | 17240 ||| FLEEEEING.
 17241 | D:13     | 17241 ||| FLEEEEING.
 17242 | D:13     | 17242 ||| FLEEEEING.
 17243 | D:13     | 17243 ||| FLEEEEING.
 17244 | D:13     | 17244 ||| FLEEEEING.
 17245 | D:13     | 17245 ||| FLEEEEING.
 17251 | D:13     | 17251 ||| INVOKING Heroism.
 17398 | D:13     | 17398 ||| Stepping ~*~*~tactically~*~*~ (stealth).
 17623 | D:13     | Reached XP level 15. HP: 94/94 MP: 22/22
 17629 | D:13     | 17629 ||| Stepping ~*~*~tactically~*~*~ (hiding).
 17630 | D:13     | 17630 ||| Stepping ~*~*~tactically~*~*~ (hiding).
 17632 | D:13     | 17632 ||| INVOKING Heroism.
 17652 | D:13     | Received a gift from Okawaru
 17690 | D:13     | 17690 ||| Stepping ~*~*~tactically~*~*~ (stealth).
 17698 | D:13     | 17698 ||| INVOKING Heroism.
 17717 | D:13     | 17717 ||| Stepping ~*~*~tactically~*~*~ (stealth).
 17720 | D:13     | 17720 ||| Stepping ~*~*~tactically~*~*~ (stealth).
 17918 | D:13     | 17918 ||| Stepping ~*~*~tactically~*~*~ (stealth).
 17919 | D:13     | 17919 ||| Stepping ~*~*~tactically~*~*~ (stealth).
 17921 | D:13     | 17921 ||| Stepping ~*~*~tactically~*~*~ (stealth).
 17923 | D:13     | 17923 ||| INVOKING Heroism.
 17936 | D:13     | 17936 ||| Stepping ~*~*~tactically~*~*~ (hiding).
 18043 | D:13     | Found a gate to the Vaults.
 18152 | D:14     | 18152 ||| Stepping ~*~*~tactically~*~*~ (hiding).
 18293 | D:14     | 18293 ||| Stepping ~*~*~tactically~*~*~ (hiding).
 18294 | D:14     | 18294 ||| Stepping ~*~*~tactically~*~*~ (hiding).
 18297 | D:14     | 18297 ||| Stepping ~*~*~tactically~*~*~ (hiding).
 18298 | D:14     | 18298 ||| Stepping ~*~*~tactically~*~*~ (hiding).
 18317 | D:14     | 18317 ||| Stepping ~*~*~tactically~*~*~ (stealth).
 18323 | D:14     | 18323 ||| INVOKING Heroism.
 18374 | D:14     | 18374 ||| INVOKING Heroism.
 18408 | D:14     | Reached skill level 15 in Shields
 18436 | D:14     | 18436 ||| Stepping ~*~*~tactically~*~*~ (hiding).
 18437 | D:14     | 18437 ||| Stepping ~*~*~tactically~*~*~ (hiding).
 18441 | D:14     | 18441 ||| Stepping ~*~*~tactically~*~*~ (hiding).
 18444 | D:14     | 18444 ||| Stepping ~*~*~tactically~*~*~ (hiding).
 18448 | D:14     | 18448 ||| INVOKING Heroism.
 18521 | D:14     | Found Naom's General Store.
 18528 | D:14     | 18528 ||| BUYING potion of curing (45 gold).
 18528 | D:14     | Bought a potion of curing for 45 gold pieces
 18528 | D:14     | 18528 ||| BUYING potion of heal wounds (75 gold).
 18528 | D:14     | Bought a potion of heal wounds for 75 gold pieces
 18554 | D:14     | Found Zotet's Neck Hole.
 18556 | D:14     | 18556 ||| Stepping ~*~*~tactically~*~*~ (hiding).
 18670 | D:14     | 18670 ||| BUYING amulet of faith (640 gold).
 18670 | D:14     | Bought an amulet of faith for 640 gold pieces
 18712 | D:14     | Found an opulent altar of Gozag.
 18752 | D:14     | 18752 ||| INVOKING Heroism.
 18872 | D:14     | Identified the +0 hat of Sin {Contam Will+++ rCorr Slay+4}
                  | (Okawaru gifted it to you on level 14 of the Dungeon)
 18872 | D:14     | Received a gift from Okawaru
 18905 | D:14     | 18905 ||| UPGRADING to +0 hat of Sin {Contam Will+++ rCorr
                  | Slay+4}.
 18915 | D:14     | 18915 ||| DROPPING +0 helmet.
 18916 | D:14     | 18916 ||| UPGRADING to amulet of faith.
 18959 | D:15     | Entered Level 15 of the Dungeon
 19026 | D:15     | 19026 ||| Stepping ~*~*~tactically~*~*~ (stealth).
 19080 | D:15     | 19080 ||| INVOKING Heroism.
 19153 | D:15     | Found a staircase to the Depths.
 19227 | D:15     | 19227 ||| Stepping ~*~*~tactically~*~*~ (hiding).
 19264 | D:15     | 19264 ||| INVOKING Heroism.
 19397 | D:15     | 19397 ||| Stepping ~*~*~tactically~*~*~ (hiding).
 19475 | D:15     | 19475 ||| Stepping ~*~*~tactically~*~*~ (stealth).
 19592 | D:15     | 19592 ||| Stepping ~*~*~tactically~*~*~ (hiding).
 19852 | D:15     | 19852 ||| PLANNING ORC
 19936 | Orc:1    | Entered Level 1 of the Orcish Mines
 19936 | Orc:1    | Found Iggur's General Store.
 19953 | Orc:1    | 19953 ||| SHOPLISTING +5 broad axe of Internal Strife
                  | {venom, rC+ rCorr} (592 gold, have 206).
 20007 | Orc:1    | 20007 ||| FLEEEEING.
 20054 | Orc:1    | 20054 ||| Stepping ~*~*~tactically~*~*~ (stealth).
 20174 | Orc:1    | 20174 ||| Stepping ~*~*~tactically~*~*~ (hiding).
 20176 | Orc:1    | 20176 ||| Stepping ~*~*~tactically~*~*~ (hiding).
 20178 | Orc:1    | 20178 ||| Stepping ~*~*~tactically~*~*~ (hiding).
 20184 | Orc:1    | Reached XP level 16. HP: 98/100 MP: 23/23
 20269 | Orc:2    | Entered Level 2 of the Orcish Mines
 20270 | Orc:2    | 20270 ||| PLANNING BAZAAR
 20370 | Orc:2    | 20370 ||| Stepping ~*~*~tactically~*~*~ (hiding).
 20371 | Orc:2    | 20371 ||| Stepping ~*~*~tactically~*~*~ (hiding).
 20375 | Orc:2    | 20375 ||| Stepping ~*~*~tactically~*~*~ (hiding).
 20435 | Orc:2    | Found a flickering gateway to a bazaar.
 20440 | Bazaar   | Entered a bazaar
 20448 | Bazaar   | Found Numer's Book Shop.
 20460 | Bazaar   | Found Guvves's Book Shop.
 20485 | Orc:2    | 20485 ||| PLANNING ORC
 20502 | Orc:2    | 20502 ||| INVOKING Heroism.
 20518 | Orc:2    | Found a staircase to the Elven Halls.
 20603 | Orc:1    | 20603 ||| INVOKING Heroism.
 20605 | Orc:1    | Reached skill level 12 in Fighting
 20617 | Orc:1    | 20617 ||| Stepping ~*~*~tactically~*~*~ (stealth).
 20796 | Orc:1    | 20796 ||| UPGRADING to +2 plate armour of fire resistance.
 20886 | Orc:2    | 20886 ||| INVOKING Heroism.
 20893 | Orc:2    | Received a gift from Okawaru
 20916 | Orc:2    | 20916 ||| Stepping ~*~*~tactically~*~*~ (hiding).
 20920 | Orc:2    | 20920 ||| Stepping ~*~*~tactically~*~*~ (hiding).
 20922 | Orc:2    | 20922 ||| INVOKING Heroism.
 20926 | Orc:2    | 20926 ||| Stepping ~*~*~tactically~*~*~ (hiding).
 20945 | Orc:2    | 20945 ||| Stepping ~*~*~tactically~*~*~ (stealth).
 20947 | Orc:2    | 20947 ||| Stepping ~*~*~tactically~*~*~ (stealth).
 20959 | Orc:2    | 20959 ||| FLEEEEING.
 20960 | Orc:2    | 20960 ||| FLEEEEING.
 20961 | Orc:2    | 20961 ||| FLEEEEING.
 20965 | Orc:2    | 20965 ||| FLEEEEING.
 20966 | Orc:2    | 20966 ||| FLEEEEING.
 20967 | Orc:2    | 20967 ||| FLEEEEING.
 20968 | Orc:2    | 20968 ||| INVOKING Heroism.
 21237 | Orc:2    | Found Cudgh's Distillery.
 21237 | Orc:2    | Found Riyrom's Jewellery Boutique.
 21238 | Orc:2    | Found Diurob's Armour Shop.
 21242 | Orc:2    | Found Puodaem's Book Shop.
 21245 | Orc:2    | 21245 ||| BUYING 2 potions of haste (220 gold).
 21245 | Orc:2    | Bought 2 potions of haste for 220 gold pieces
 21245 | Orc:2    | 21245 ||| BUYING potion of cancellation (88 gold).
 21245 | Orc:2    | Bought a potion of cancellation for 88 gold pieces
 21245 | Orc:2    | 21245 ||| BUYING potion of curing (33 gold).
 21245 | Orc:2    | Bought a potion of curing for 33 gold pieces
 21245 | Orc:2    | 21245 ||| BUYING potion of heal wounds (55 gold).
 21245 | Orc:2    | Bought a potion of heal wounds for 55 gold pieces
 21245 | Orc:2    | 21245 ||| BUYING potion of heal wounds (55 gold).
 21245 | Orc:2    | Bought a potion of heal wounds for 55 gold pieces
 21245 | Orc:2    | 21245 ||| BUYING potion of might (44 gold).
 21245 | Orc:2    | Bought a potion of might for 44 gold pieces
 21248 | Orc:2    | 21248 ||| SHOPLISTING +5 ring of evasion (468 gold, have
                  | 308).
 21248 | Orc:2    | 21248 ||| SHOPLISTING +6 ring of strength (468 gold, have
                  | 308).
 21248 | Orc:2    | 21248 ||| SHOPLISTING ring of fire (325 gold, have 308).
 21248 | Orc:2    | 21248 ||| SHOPLISTING ring of protection from fire (325
                  | gold, have 308).
 21374 | Orc:2    | 21374 ||| PLANNING SWAMP:1-3
 21522 | Swamp:1  | Entered Level 1 of the Swamp
 21523 | Swamp:1  | 21523 ||| INVOKING Heroism.
 21542 | Swamp:1  | 21542 ||| Stepping ~*~*~tactically~*~*~ (hiding).
 21563 | Swamp:1  | 21563 ||| Stepping ~*~*~tactically~*~*~ (stealth).
 21583 | Swamp:1  | 21583 ||| Stepping ~*~*~tactically~*~*~ (stealth).
 21624 | Swamp:1  | 21624 ||| FLEEEEING.
 21625 | Swamp:1  | 21625 ||| FLEEEEING.
 21626 | Swamp:1  | 21626 ||| FLEEEEING.
 21627 | Swamp:1  | 21627 ||| FLEEEEING.
 21628 | Swamp:1  | 21628 ||| FLEEEEING.
 21629 | Swamp:1  | 21629 ||| FLEEEEING.
 21630 | Swamp:1  | 21630 ||| FLEEEEING.
 21631 | Swamp:1  | 21631 ||| FLEEEEING.
 21632 | Swamp:1  | 21632 ||| FLEEEEING.
 21641 | Swamp:1  | 21641 ||| STAIRDANCE
 21731 | Swamp:1  | 21731 ||| Stepping ~*~*~tactically~*~*~ (stealth).
 21732 | Swamp:1  | 21732 ||| Stepping ~*~*~tactically~*~*~ (stealth).
 21733 | Swamp:1  | 21733 ||| Stepping ~*~*~tactically~*~*~ (stealth).
 21734 | Swamp:1  | 21734 ||| Stepping ~*~*~tactically~*~*~ (hiding).
 21735 | Swamp:1  | 21735 ||| INVOKING Heroism.
 21752 | Swamp:1  | Received a gift from Okawaru
 21777 | Swamp:1  | 21777 ||| INVOKING Heroism.
 21846 | Swamp:1  | 21846 ||| Stepping ~*~*~tactically~*~*~ (stealth).
 21895 | Swamp:1  | 21895 ||| Stepping ~*~*~tactically~*~*~ (hiding).
 22018 | Swamp:1  | 22018 ||| INVOKING Heroism.
 22074 | Swamp:1  | Received a gift from Okawaru
 22074 | Swamp:1  | Found the +7 Kryia's mail coat {PotionHeal*2 rC+}
 22436 | Swamp:2  | 22436 ||| INVOKING Heroism.
 22439 | Swamp:2  | 22439 ||| INVOKING Finesse.
 22445 | Swamp:2  | 22445 ||| SWAPPING to +0 heavy morningstar.
 22449 | Swamp:2  | 22449 ||| SWAPPING to +3 broad axe of venom.
 22503 | Swamp:2  | Noticed Mlioglotl
 22504 | Swamp:2  | 22504 ||| Stepping ~*~*~tactically~*~*~ (cloud).
 22505 | Swamp:2  | 22505 ||| INVOKING Finesse.
 22513 | Swamp:2  | 22513 ||| INVOKING Heroism.
 22521 | Swamp:2  | Noticed Nikola
 22536 | Swamp:2  | Killed Nikola
 22539 | Swamp:2  | Noticed a bone dragon
 22559 | Swamp:2  | Killed Mlioglotl
 22757 | Swamp:2  | 22757 ||| INVOKING Heroism.
 22989 | Swamp:2  | Noticed Donald
 22990 | Swamp:2  | 22990 ||| INVOKING Heroism.
 23000 | Swamp:2  | Killed Donald
 23123 | Swamp:2  | 23123 ||| DROPPING +2 plate armour of positive energy.
 23165 | Swamp:3  | 23165 ||| INVOKING Heroism.
 23169 | Swamp:3  | 23169 ||| SWAPPING to +0 heavy morningstar.
 23172 | Swamp:3  | 23172 ||| SWAPPING to +3 broad axe of venom.
 23178 | Swamp:3  | 23178 ||| Stepping ~*~*~tactically~*~*~ (stealth).
 23179 | Swamp:3  | 23179 ||| Stepping ~*~*~tactically~*~*~ (stealth).
 23194 | Swamp:3  | 23194 ||| Stepping ~*~*~tactically~*~*~ (stealth).
 23206 | Swamp:3  | 23206 ||| INVOKING Heroism.
 23207 | Swamp:3  | 23207 ||| SWAPPING to +0 heavy morningstar.
 23214 | Swamp:3  | 23214 ||| SWAPPING to +3 broad axe of venom.
 23230 | Swamp:3  | 23230 ||| SWAPPING to +0 heavy morningstar.
 23239 | Swamp:3  | 23239 ||| INVOKING Heroism.
 23244 | Swamp:3  | 23244 ||| SWAPPING to +3 broad axe of venom.
 23250 | Swamp:3  | Noticed Bai Suzhen
 23251 | Swamp:3  | 23251 ||| Stepping ~*~*~tactically~*~*~ (stealth).
 23252 | Swamp:3  | 23252 ||| Stepping ~*~*~tactically~*~*~ (stealth).
 23305 | Swamp:3  | 23305 ||| FLEEEEING.
 23309 | Swamp:3  | 23309 ||| STAIRDANCE
 23361 | Swamp:3  | 23361 ||| Stepping ~*~*~tactically~*~*~ (stealth).
 23399 | Swamp:3  | 23399 ||| INVOKING Heroism.
 23403 | Swamp:3  | 23403 ||| SWAPPING to +0 heavy morningstar.
 23415 | Swamp:3  | 23415 ||| SWAPPING to +3 broad axe of venom.
 23420 | Swamp:3  | Killed Bai Suzhen
 23421 | Swamp:3  | Reached XP level 17. HP: 48/106 MP: 24/24
 23421 | Swamp:3  | 23421 ||| Stepping ~*~*~tactically~*~*~ (cloud).
 23427 | Swamp:3  | 23427 ||| SWAPPING to +0 heavy morningstar.
 23431 | Swamp:3  | 23431 ||| SWAPPING to +3 broad axe of venom.
 23708 | Swamp:3  | Noticed Kirke
 23718 | Swamp:3  | 23718 ||| INVOKING Heroism.
 23725 | Swamp:3  | Killed Kirke
 23990 | Swamp:3  | 23990 ||| INVOKING Heroism.
 24004 | Swamp:3  | Reached skill level 13 in Fighting
 24154 | Swamp:3  | 24154 ||| PLANNING SPIDER:1-3
 24247 | Spider:1 | Entered Level 1 of the Spider Nest
 24262 | Spider:1 | 24262 ||| FLEEEEING.
 24263 | Spider:1 | 24263 ||| STAIRDANCE
 24407 | Spider:1 | 24407 ||| STAIRDANCE
 24460 | Spider:1 | 24460 ||| INVOKING Heroism.
 24483 | Spider:1 | Received a gift from Okawaru
 24494 | Spider:1 | Reached skill level 12 in Armour
 24517 | Spider:1 | 24517 ||| INVOKING Heroism.
 24518 | Spider:1 | 24518 ||| INVOKING Finesse.
 24531 | Spider:1 | Reached skill level 6 in Dodging
 24600 | Spider:1 | 24600 ||| Stepping ~*~*~tactically~*~*~ (stealth).
 24733 | Spider:1 | 24733 ||| INVOKING Heroism.
 24937 | Spider:1 | 24937 ||| Stepping ~*~*~tactically~*~*~ (stealth).
 24938 | Spider:1 | 24938 ||| Stepping ~*~*~tactically~*~*~ (stealth).
 24939 | Spider:1 | 24939 ||| Stepping ~*~*~tactically~*~*~ (stealth).
 24982 | Spider:1 | 24982 ||| Stepping ~*~*~tactically~*~*~ (hiding).
 24983 | Spider:1 | 24983 ||| Stepping ~*~*~tactically~*~*~ (hiding).
 24991 | Spider:1 | 24991 ||| Stepping ~*~*~tactically~*~*~ (stealth).
 25025 | Spider:1 | 25025 ||| Stepping ~*~*~tactically~*~*~ (stealth).
 25068 | Spider:1 | 25068 ||| Stepping ~*~*~tactically~*~*~ (stealth).
 25069 | Spider:1 | 25069 ||| Stepping ~*~*~tactically~*~*~ (stealth).
 25071 | Spider:1 | 25071 ||| Stepping ~*~*~tactically~*~*~ (stealth).
 25072 | Spider:1 | 25072 ||| Stepping ~*~*~tactically~*~*~ (stealth).
 25079 | Spider:1 | 25079 ||| Stepping ~*~*~tactically~*~*~ (stealth).
 25086 | Spider:1 | 25086 ||| INVOKING Heroism.
 25100 | Spider:1 | Received a gift from Okawaru
 25572 | Spider:2 | 25572 ||| STAIRDANCE
 25581 | Spider:2 | 25581 ||| STAIRDANCE
 25627 | Spider:2 | 25627 ||| INVOKING Heroism.
 25632 | Spider:2 | Reached skill level 6 in Throwing
 25640 | Spider:2 | Received a gift from Okawaru
 25892 | Spider:2 | 25892 ||| DROPPING amulet of magic regeneration.
 25916 | Spider:2 | 25916 ||| INVOKING Heroism.
 26053 | Spider:2 | 26053 ||| Stepping ~*~*~tactically~*~*~ (stealth).
 26056 | Spider:2 | 26056 ||| Stepping ~*~*~tactically~*~*~ (stealth).
 26085 | Spider:2 | 26085 ||| Stepping ~*~*~tactically~*~*~ (stealth).
 26087 | Spider:2 | 26087 ||| Stepping ~*~*~tactically~*~*~ (hiding).
 26088 | Spider:2 | 26088 ||| Stepping ~*~*~tactically~*~*~ (hiding).
 26152 | Spider:2 | 26152 ||| Stepping ~*~*~tactically~*~*~ (stealth).
 26156 | Spider:2 | Reached skill level 18 in Axes
 26161 | Spider:2 | Identified the +0 swamp dragon scales of a ziggurat {rPois
                  | rC+ rCorr} (Okawaru gifted it to you on level 2 of the
                  | Spider Nest)
 26161 | Spider:2 | Received a gift from Okawaru
 26275 | Spider:2 | 26275 ||| Stepping ~*~*~tactically~*~*~ (stealth).
 26531 | Spider:2 | Reached XP level 18. HP: 114/114 MP: 25/25
 26531 | Spider:2 | 26531 ||| DROPPING +0 heavy morningstar.
 26573 | Spider:2 | 26573 ||| Stepping ~*~*~tactically~*~*~ (hiding).
 26669 | Spider:2 | 26669 ||| Stepping ~*~*~tactically~*~*~ (stealth).
 26880 | Spider:2 | 26880 ||| Stepping randomly (disturbance).
 26881 | Spider:2 | 26881 ||| Stepping randomly (disturbance).
 27120 | Spider:2 | 27120 ||| DROPPING +0 acid dragon scales.
 27121 | Spider:2 | 27121 ||| READING 13 scrolls of identify.
 27121 | Spider:2 | 27121 ||| IDENTIFYING lumpy red potion
 27505 | Spider:3 | 27505 ||| Stepping ~*~*~tactically~*~*~ (stealth).
 27582 | Spider:3 | 27582 ||| INVOKING Heroism.
 27784 | Spider:3 | Reached skill level 14 in Fighting
 27839 | Spider:3 | Identified Roxanne's Lectures on the Quake
 27839 | Spider:3 | Noticed Roxanne
 27840 | Spider:3 | 27840 ||| INVOKING Heroism.
 27841 | Spider:3 | 27841 ||| INVOKING Finesse.
 27858 | Spider:3 | Killed Roxanne
 27859 | Spider:3 | Reached skill level 18 in Shields
 28140 | Spider:3 | 28140 ||| PLANNING SWAMP:4
 28293 | Swamp:4  | Entered Level 4 of the Swamp
 28294 | Swamp:4  | 28294 ||| INVOKING Heroism.
 28487 | Swamp:4  | Noticed Louise
 28500 | Swamp:4  | Killed Louise
 28612 | Swamp:4  | 28612 ||| FLEEEEING.
 28613 | Swamp:4  | 28613 ||| FLEEEEING.
 28614 | Swamp:4  | 28614 ||| FLEEEEING.
 28615 | Swamp:4  | 28615 ||| FLEEEEING.
 28623 | Swamp:4  | 28623 ||| INVOKING Heroism.
 28627 | Swamp:4  | 28627 ||| Stepping ~*~*~tactically~*~*~ (hiding).
 28650 | Swamp:4  | Received a gift from Okawaru
 28661 | Swamp:4  | 28661 ||| INVOKING Heroism.
 28664 | Swamp:4  | HP: 20/116 [13-headed hydra (10)]
 28665 | Swamp:4  | 28665 ||| READING 15 scrolls of teleportation.
 28666 | Swamp:4  | 28666 ||| DRINKING 9 potions of heal wounds.
 29057 | Swamp:4  | 29057 ||| Stepping ~*~*~tactically~*~*~ (stealth).
 29084 | Swamp:4  | 29084 ||| Stepping ~*~*~tactically~*~*~ (stealth).
 29145 | Swamp:4  | 29145 ||| Stepping ~*~*~tactically~*~*~ (stealth).
 29146 | Swamp:4  | 29146 ||| Stepping ~*~*~tactically~*~*~ (stealth).
 29160 | Swamp:4  | 29160 ||| INVOKING Heroism.
 29161 | Swamp:4  | 29161 ||| INVOKING Finesse.
 29193 | Swamp:4  | 29193 ||| INVOKING Finesse.
 29196 | Swamp:4  | 29196 ||| INVOKING Heroism.
 29198 | Swamp:4  | Found a blossoming altar of Fedhas.
 29217 | Swamp:4  | 29217 ||| FLEEEEING.
 29218 | Swamp:4  | 29218 ||| FLEEEEING.
 29219 | Swamp:4  | 29219 ||| FLEEEEING.
 29220 | Swamp:4  | 29220 ||| FLEEEEING.
 29397 | Swamp:4  | 29397 ||| INVOKING Heroism.
 29514 | Swamp:4  | Got a decaying rune of Zot
 29588 | Swamp:4  | Found a basalt altar of Yredelemnul.
 29617 | Swamp:4  | 29617 ||| PLANNING VAULTS:1-4
 29851 | Vaults:1 | Entered Level 1 of the Vaults
 29859 | Vaults:1 | Reached skill level 15 in Fighting
 29903 | Vaults:1 | 29903 ||| READING scroll of enchant armour.
 29903 | Vaults:1 | 29903 ||| ENCHANTING +2 plate armour of fire resistance.
 29927 | Vaults:1 | 29927 ||| Stepping ~*~*~tactically~*~*~ (hiding).
 29931 | Vaults:1 | 29931 ||| INVOKING Heroism.
 29932 | Vaults:1 | 29932 ||| INVOKING Finesse.
 29995 | Vaults:1 | 29995 ||| INVOKING Heroism.
 30166 | Vaults:1 | 30166 ||| INVOKING Heroism.
 30375 | Vaults:1 | 30375 ||| Stepping ~*~*~tactically~*~*~ (stealth).
 30380 | Vaults:1 | 30380 ||| Stepping ~*~*~tactically~*~*~ (stealth).
 30395 | Vaults:1 | Reached XP level 19. HP: 124/124 MP: 26/26
 30534 | Vaults:1 | Received a gift from Okawaru
 30596 | Vaults:1 | 30596 ||| Stepping ~*~*~tactically~*~*~ (hiding).
 30599 | Vaults:1 | 30599 ||| Stepping ~*~*~tactically~*~*~ (hiding).
 30601 | Vaults:1 | 30601 ||| Stepping ~*~*~tactically~*~*~ (hiding).
 30799 | Vaults:1 | 30799 ||| INVOKING Heroism.
 30800 | Vaults:1 | 30800 ||| INVOKING Finesse.
 30892 | Vaults:1 | Received a gift from Okawaru
 30909 | Vaults:1 | Found Kuarghih's Antique Weapon Emporium.
 30941 | Vaults:1 | 30941 ||| Stepping ~*~*~tactically~*~*~ (hiding).
 31046 | Vaults:1 | 31046 ||| Stepping ~*~*~tactically~*~*~ (stealth).
 31162 | Vaults:1 | 31162 ||| Stepping ~*~*~tactically~*~*~ (hiding).
 31163 | Vaults:1 | 31163 ||| Stepping ~*~*~tactically~*~*~ (hiding).
 31170 | Vaults:1 | Noticed Zenata
 31171 | Vaults:1 | 31171 ||| INVOKING Heroism.
 31172 | Vaults:1 | 31172 ||| INVOKING Finesse.
 31176 | Vaults:1 | 31176 ||| Stepping ~*~*~tactically~*~*~ (hiding).
 31194 | Vaults:1 | Killed Zenata
 31311 | Vaults:1 | 31311 ||| Stepping ~*~*~tactically~*~*~ (stealth).
 31795 | Vaults:2 | Reached skill level 16 in Fighting
 31988 | Vaults:2 | Identified the +4 war axe of Esaemutso {flame, Str+2}
                  | (Okawaru gifted it to you on level 2 of the Vaults)
 31988 | Vaults:2 | Received a gift from Okawaru
 32052 | Vaults:2 | 32052 ||| DROPPING +4 war axe of Esaemutso {flame, Str+2}.
 32098 | Vaults:2 | 32098 ||| Stepping ~*~*~tactically~*~*~ (stealth).
 32290 | Vaults:2 | 32290 ||| Stepping ~*~*~tactically~*~*~ (hiding).
 32292 | Vaults:2 | 32292 ||| INVOKING Heroism.
 32293 | Vaults:2 | 32293 ||| INVOKING Finesse.
 32367 | Vaults:2 | Identified the +1 pair of boots "Cyjuecan" {Rampage SInv}
 32427 | Vaults:2 | Received a gift from Okawaru
 32544 | Vaults:2 | 32544 ||| INVOKING Heroism.
 32805 | Vaults:2 | 32805 ||| Stepping ~*~*~tactically~*~*~ (stealth).
 32915 | Vaults:2 | Received a gift from Okawaru
 32931 | Vaults:2 | 32931 ||| DROPPING +3 war axe of electrocution.
 33028 | Vaults:2 | Found a staircase to the Crypt.
 33044 | Vaults:2 | Reached skill level 15 in Armour
 33113 | Vaults:2 | 33113 ||| Stepping ~*~*~tactically~*~*~ (hiding).
 33123 | Vaults:2 | 33123 ||| INVOKING Heroism.
 33124 | Vaults:2 | 33124 ||| INVOKING Finesse.
 33132 | Vaults:2 | HP: 26/125 [ironbound frostheart/creeping frost (12)]
 33133 | Vaults:2 | 33133 ||| READING 15 scrolls of teleportation.
 33133 | Vaults:2 | HP: 4/125 [ironbound frostheart/creeping frost (22)]
 33134 | Vaults:2 | 33134 ||| DRINKING 8 potions of heal wounds.
 33135 | Vaults:2 | 33135 ||| DRINKING 7 potions of heal wounds.
 33433 | Vaults:2 | 33433 ||| Stepping ~*~*~tactically~*~*~ (stealth).
 33435 | Vaults:2 | 33435 ||| Stepping ~*~*~tactically~*~*~ (hiding).
 33439 | Vaults:2 | 33439 ||| INVOKING Heroism.
 33440 | Vaults:2 | 33440 ||| INVOKING Finesse.
 33486 | Vaults:2 | 33486 ||| Stepping ~*~*~tactically~*~*~ (hiding).
 33489 | Vaults:2 | 33489 ||| INVOKING Heroism.
 33490 | Vaults:2 | 33490 ||| INVOKING Finesse.
 33550 | Vaults:2 | 33550 ||| DROPPING +1 broad axe of venom.
 33641 | Vaults:2 | 33641 ||| DROPPING +0 tower shield.
 33642 | Vaults:2 | 33642 ||| UPGRADING to +1 pair of boots "Cyjuecan" {Rampage
                  | SInv}.
 33652 | Vaults:2 | 33652 ||| DROPPING +0 pair of boots.
 33680 | Vaults:3 | 33680 ||| STAIRDANCE
 33918 | Vaults:3 | 33918 ||| Stepping ~*~*~tactically~*~*~ (stealth).
 33919 | Vaults:3 | 33919 ||| Stepping ~*~*~tactically~*~*~ (stealth).
 33921 | Vaults:3 | 33921 ||| Stepping ~*~*~tactically~*~*~ (stealth).
 33936 | Vaults:3 | Reached XP level 20. HP: 127/133 MP: 27/27
 33969 | Vaults:3 | Reached skill level 17 in Fighting
 33995 | Vaults:3 | 33995 ||| Stepping ~*~*~tactically~*~*~ (stealth).
 34003 | Vaults:3 | 34003 ||| INVOKING Heroism.
 34037 | Vaults:3 | Received a gift from Okawaru
 34058 | Vaults:3 | 34058 ||| Stepping ~*~*~tactically~*~*~ (hiding).
 34059 | Vaults:3 | 34059 ||| Stepping ~*~*~tactically~*~*~ (hiding).
 34103 | Vaults:3 | 34103 ||| Stepping ~*~*~tactically~*~*~ (stealth).
 34104 | Vaults:3 | 34104 ||| Stepping ~*~*~tactically~*~*~ (stealth).
 34109 | Vaults:3 | 34109 ||| Stepping ~*~*~tactically~*~*~ (stealth).
 34113 | Vaults:3 | 34113 ||| Stepping ~*~*~tactically~*~*~ (stealth).
 34114 | Vaults:3 | 34114 ||| Stepping ~*~*~tactically~*~*~ (stealth).
 34625 | Vaults:3 | 34625 ||| Stepping ~*~*~tactically~*~*~ (stealth).
 34626 | Vaults:3 | 34626 ||| Stepping ~*~*~tactically~*~*~ (stealth).
 34628 | Vaults:3 | 34628 ||| Stepping ~*~*~tactically~*~*~ (stealth).
 34632 | Vaults:3 | Received a gift from Okawaru
 34732 | Vaults:3 | 34732 ||| Stepping ~*~*~tactically~*~*~ (stealth).
 34733 | Vaults:3 | 34733 ||| Stepping ~*~*~tactically~*~*~ (stealth).
 34735 | Vaults:3 | 34735 ||| Stepping ~*~*~tactically~*~*~ (hiding).
 34765 | Vaults:3 | 34765 ||| Stepping ~*~*~tactically~*~*~ (stealth).
 34768 | Vaults:3 | 34768 ||| Stepping ~*~*~tactically~*~*~ (stealth).
 34963 | Vaults:3 | 34963 ||| Stepping ~*~*~tactically~*~*~ (stealth).
 34964 | Vaults:3 | 34964 ||| Stepping ~*~*~tactically~*~*~ (stealth).
 35095 | Vaults:3 | 35095 ||| DROPPING +3 chain mail of cold resistance.
 35096 | Vaults:3 | 35096 ||| DROPPING +3 plate armour of willpower.
 35097 | Vaults:3 | 35097 ||| UPGRADING to +2 crystal plate armour.
 35107 | Vaults:3 | 35107 ||| READING scroll labelled DYELAUBYT.
 35108 | Vaults:3 | 35108 ||| DROPPING +0 heavy broad axe.
 35182 | Vaults:3 | 35182 ||| Stepping ~*~*~tactically~*~*~ (stealth).
 35183 | Vaults:3 | 35183 ||| Stepping ~*~*~tactically~*~*~ (stealth).
 35249 | Vaults:4 | 35249 ||| READING scroll of enchant armour.
 35249 | Vaults:4 | 35249 ||| ENCHANTING +2 crystal plate armour.
 35365 | Vaults:4 | 35365 ||| Stepping ~*~*~tactically~*~*~ (stealth).
 35470 | Vaults:4 | 35470 ||| Stepping ~*~*~tactically~*~*~ (stealth).
 35473 | Vaults:4 | 35473 ||| Stepping ~*~*~tactically~*~*~ (stealth).
 35636 | Vaults:4 | 35636 ||| Stepping ~*~*~tactically~*~*~ (hiding).
 35664 | Vaults:4 | 35664 ||| Stepping ~*~*~tactically~*~*~ (stealth).
 35670 | Vaults:4 | 35670 ||| READING scroll of enchant armour.
 35670 | Vaults:4 | 35670 ||| ENCHANTING +3 crystal plate armour.
 35674 | Vaults:4 | 35674 ||| Stepping ~*~*~tactically~*~*~ (hiding).
 35675 | Vaults:4 | 35675 ||| Stepping ~*~*~tactically~*~*~ (hiding).
 35676 | Vaults:4 | 35676 ||| Stepping ~*~*~tactically~*~*~ (hiding).
 35679 | Vaults:4 | 35679 ||| INVOKING Heroism.
 35749 | Vaults:4 | 35749 ||| Stepping ~*~*~tactically~*~*~ (hiding).
 35875 | Vaults:4 | Noticed Jory
 35905 | Vaults:4 | Killed Jory
 35928 | Vaults:4 | 35928 ||| Stepping ~*~*~tactically~*~*~ (hiding).
 36111 | Vaults:4 | Identified the +1 helmet "Avegy" {Regen+ Int+4}
 36135 | Vaults:4 | Received a gift from Okawaru
 36342 | Vaults:4 | Found Vesof's Armour Emporium.
 36458 | Vaults:4 | 36458 ||| Stepping ~*~*~tactically~*~*~ (stealth).
 36460 | Vaults:4 | 36460 ||| Stepping ~*~*~tactically~*~*~ (hiding).
 36546 | Vaults:4 | 36546 ||| Stepping ~*~*~tactically~*~*~ (hiding).
 36547 | Vaults:4 | 36547 ||| Stepping ~*~*~tactically~*~*~ (hiding).
 36548 | Vaults:4 | 36548 ||| Stepping ~*~*~tactically~*~*~ (hiding).
 36694 | Vaults:4 | 36694 ||| PLANNING SPIDER:4
 36694 | Vaults:4 | 36694 ||| DROPPING +3 plate armour of fire resistance.
 36695 | Vaults:4 | 36695 ||| DROPPING +2 hat.
 36981 | Spider:4 | Entered Level 4 of the Spider Nest
 37006 | Spider:4 | Reached skill level 18 in Armour
 37006 | Spider:4 | Gained mutation: You sometimes lose your temper in combat.
                  | [mutagenic glow]
 37090 | Spider:4 | 37090 ||| DRINKING 5 potions of mutation.
 37090 | Spider:4 | Lost mutation: Your spells are a little easier to cast, but
                  | a little less powerful. [potion of mutation]
 37090 | Spider:4 | Lost mutation: You sometimes lose your temper in combat.
                  | [potion of mutation]
 37090 | Spider:4 | Lost mutation: You are agile. (Dex +4, Str/Int -1) [potion
                  | of mutation]
 37090 | Spider:4 | Gained mutation: You have very sharp teeth. [potion of
                  | mutation]
 37090 | Spider:4 | Gained mutation: Your body sometimes deteriorates upon
                  | taking damage. [potion of mutation]
 37090 | Spider:4 | Gained mutation: Your flesh is heat resistant. (rF+)
                  | [potion of mutation]
 37110 | Spider:4 | 37110 ||| Stepping ~*~*~tactically~*~*~ (stealth).
 37139 | Spider:4 | 37139 ||| Stepping ~*~*~tactically~*~*~ (stealth).
 37141 | Spider:4 | 37141 ||| Stepping ~*~*~tactically~*~*~ (stealth).
 37158 | Spider:4 | 37158 ||| Stepping ~*~*~tactically~*~*~ (stealth).
 37212 | Spider:4 | 37212 ||| Stepping ~*~*~tactically~*~*~ (stealth).
 37217 | Spider:4 | 37217 ||| Stepping ~*~*~tactically~*~*~ (hiding).
 37218 | Spider:4 | 37218 ||| Stepping ~*~*~tactically~*~*~ (hiding).
 37247 | Spider:4 | 37247 ||| Stepping ~*~*~tactically~*~*~ (hiding).
 37248 | Spider:4 | 37248 ||| Stepping ~*~*~tactically~*~*~ (hiding).
 37267 | Spider:4 | 37267 ||| Stepping ~*~*~tactically~*~*~ (stealth).
 37269 | Spider:4 | 37269 ||| Stepping ~*~*~tactically~*~*~ (stealth).
 37270 | Spider:4 | 37270 ||| Stepping ~*~*~tactically~*~*~ (stealth).
 37271 | Spider:4 | 37271 ||| Stepping ~*~*~tactically~*~*~ (stealth).
 37272 | Spider:4 | 37272 ||| Stepping ~*~*~tactically~*~*~ (stealth).
 37370 | Spider:4 | 37370 ||| Stepping ~*~*~tactically~*~*~ (stealth).
 37584 | Spider:4 | Reached ****** piety under Okawaru
 37590 | Spider:4 | 37590 ||| Stepping ~*~*~tactically~*~*~ (stealth).
 37595 | Spider:4 | Identified the +2 helmet of the Equator {*Corrode +Blink
                  | rElec rPois} (Okawaru gifted it to you on level 4 of the
                  | Spider Nest)
 37595 | Spider:4 | Received a gift from Okawaru
 37598 | Spider:4 | 37598 ||| Stepping ~*~*~tactically~*~*~ (hiding).
 37838 | Spider:4 | 37838 ||| Stepping ~*~*~tactically~*~*~ (stealth).
 37843 | Spider:4 | 37843 ||| INVOKING Heroism.
 37851 | Spider:4 | Reached XP level 21. HP: 131/139 MP: 26/28
 37867 | Spider:4 | 37867 ||| Stepping ~*~*~tactically~*~*~ (stealth).
 37868 | Spider:4 | 37868 ||| Stepping ~*~*~tactically~*~*~ (stealth).
 37891 | Spider:4 | 37891 ||| Stepping ~*~*~tactically~*~*~ (stealth).
 38024 | Spider:4 | 38024 ||| Stepping ~*~*~tactically~*~*~ (stealth).
 38491 | Spider:4 | Got a gossamer rune of Zot
 38516 | Spider:4 | 38516 ||| PLANNING DEPTHS
 38516 | Spider:4 | 38516 ||| DROPPING +2 helmet of the Equator {*Corrode
                  | +Blink rElec rPois}.
 38517 | Spider:4 | 38517 ||| DROPPING +2 hat of willpower.
 38743 | Depths:1 | Entered Level 1 of the Depths
 38743 | Depths:1 | You are sucked into a shaft and drop 1 floor!
 38746 | Depths:2 | 38746 ||| INVOKING Finesse.
 38759 | Depths:2 | Found a one-way gate to the infinite horrors of the Abyss.
 38764 | Depths:2 | Gained mutation: Your body often deteriorates upon taking
                  | damage. [mutagenic glow]
 38766 | Depths:2 | 38766 ||| INVOKING Heroism.
 38785 | Depths:2 | Gained mutation: You are occasionally teleported next to
                  | monsters. [mutagenic glow]
 38815 | Depths:2 | Found a gateway to Hell.
 38834 | Depths:2 | Received a gift from Okawaru
 38843 | Depths:2 | 38843 ||| INVOKING Finesse.
 38846 | Depths:2 | 38846 ||| INVOKING Heroism.
 38887 | Depths:2 | 38887 ||| FLEEEEING.
 38892 | Depths:2 | 38892 ||| FLEEEEING.
 38948 | Depths:2 | 38948 ||| FLEEEEING.
 38949 | Depths:2 | 38949 ||| FLEEEEING.
 38955 | Depths:2 | 38955 ||| STAIRDANCE
 38957 | Depths:1 | 38957 ||| INVOKING Heroism.
 39007 | Depths:1 | Received a gift from Okawaru
 39009 | Depths:1 | 39009 ||| INVOKING Finesse.
 39019 | Depths:1 | Reached skill level 18 in Fighting
 39214 | Depths:1 | 39214 ||| DRINKING 4 potions of mutation.
 39214 | Depths:1 | Lost mutation: You are occasionally teleported next to
                  | monsters. [potion of mutation]
 39214 | Depths:1 | Lost mutation: Your body often deteriorates upon taking
                  | damage. [potion of mutation]
 39214 | Depths:1 | Lost mutation: Your muscles are strong. (Str +4, Int/Dex
                  | -1) [potion of mutation]
 39214 | Depths:1 | Gained mutation: Your body often deteriorates upon taking
                  | damage. [potion of mutation]
 39214 | Depths:1 | Gained mutation: You are partially covered in iridescent
                  | scales. (AC +2) [potion of mutation]
 39215 | Depths:1 | 39215 ||| DRINKING 3 potions of mutation.
 39215 | Depths:1 | Lost mutation: You have very sharp teeth. [potion of
                  | mutation]
 39215 | Depths:1 | Lost mutation: Your body often deteriorates upon taking
                  | damage. [potion of mutation]
 39215 | Depths:1 | Lost mutation: You are partially covered in iridescent
                  | scales. (AC +2) [potion of mutation]
 39215 | Depths:1 | Gained mutation: You do not regenerate when monsters are
                  | visible. [potion of mutation]
 39215 | Depths:1 | Gained mutation: Your flesh is cold resistant. (rC+)
                  | [potion of mutation]
 39215 | Depths:1 | Gained mutation: You have sharp toenails. [potion of
                  | mutation]
 39216 | Depths:1 | 39216 ||| DRINKING 2 potions of mutation.
 39216 | Depths:1 | Lost mutation: You do not regenerate when monsters are
                  | visible. [potion of mutation]
 39216 | Depths:1 | Lost mutation: Your flesh is heat resistant. (rF+) [potion
                  | of mutation]
 39216 | Depths:1 | Lost mutation: Your flesh is cold resistant. (rC+) [potion
                  | of mutation]
 39216 | Depths:1 | Gained mutation: Your flesh is cold resistant. (rC+)
                  | [potion of mutation]
 39216 | Depths:1 | Gained mutation: You expend magic power (3 MP) to
                  | strengthen your wands. [potion of mutation]
 39231 | Depths:1 | 39231 ||| DROPPING +0 heavy broad axe.
 39304 | Depths:1 | 39304 ||| INVOKING Heroism.
 39305 | Depths:1 | 39305 ||| INVOKING Finesse.
 39404 | Depths:1 | Found a transporter.
 39406 | Depths:1 | Noticed qw's ghost (adept GrFi)
 39408 | Depths:1 | Noticed a dread lich
 39416 | Depths:1 | Found a stormy altar of Qazlal.
 39421 | Depths:1 | 39421 ||| Stepping ~*~*~tactically~*~*~ (stealth).
 39422 | Depths:1 | 39422 ||| Stepping ~*~*~tactically~*~*~ (stealth).
 39432 | Depths:1 | 39432 ||| FLEEEEING.
 39433 | Depths:1 | 39433 ||| FLEEEEING.
 39434 | Depths:1 | 39434 ||| FLEEEEING.
 39435 | Depths:1 | 39435 ||| FLEEEEING.
 39436 | Depths:1 | 39436 ||| FLEEEEING.
 39437 | Depths:1 | 39437 ||| FLEEEEING.
 39438 | Depths:1 | 39438 ||| FLEEEEING.
 39439 | Depths:1 | 39439 ||| FLEEEEING.
 39442 | Depths:1 | 39442 ||| FLEEEEING.
 39443 | Depths:1 | 39443 ||| FLEEEEING.
 39444 | Depths:1 | 39444 ||| FLEEEEING.
 39445 | Depths:1 | 39445 ||| FLEEEEING.
 39446 | Depths:1 | 39446 ||| FLEEEEING.
 39448 | Depths:1 | 39448 ||| FLEEEEING.
 39449 | Depths:1 | 39449 ||| FLEEEEING.
 39450 | Depths:1 | 39450 ||| FLEEEEING.
 39451 | Depths:1 | 39451 ||| FLEEEEING.
 39452 | Depths:1 | 39452 ||| FLEEEEING.
 39544 | Depths:1 | Found a transporter.
 39581 | Depths:1 | 39581 ||| INVOKING Heroism.
 39727 | Depths:1 | Found Neuph's Armour Emporium.
 40163 | Depths:2 | 40163 ||| INVOKING Heroism.
 40164 | Depths:2 | 40164 ||| INVOKING Finesse.
 40228 | Depths:2 | 40228 ||| INVOKING Heroism.
 40229 | Depths:2 | 40229 ||| INVOKING Finesse.
 40286 | Depths:2 | 40286 ||| Stepping ~*~*~tactically~*~*~ (stealth).
 40286 | Depths:2 | Noticed a dread lich
 40290 | Depths:2 | 40290 ||| Stepping ~*~*~tactically~*~*~ (stealth).
 40293 | Depths:2 | 40293 ||| Stepping ~*~*~tactically~*~*~ (hiding).
 40407 | Depths:2 | Received a gift from Okawaru
 40429 | Depths:2 | 40429 ||| Stepping ~*~*~tactically~*~*~ (stealth).
 40430 | Depths:2 | 40430 ||| Stepping ~*~*~tactically~*~*~ (stealth).
 40491 | Depths:2 | 40491 ||| Stepping ~*~*~tactically~*~*~ (hiding).
 40497 | Depths:2 | 40497 ||| INVOKING Heroism.
 40531 | Depths:2 | Reached skill level 9 in Throwing
 40556 | Depths:2 | 40556 ||| FLEEEEING.
 40557 | Depths:2 | 40557 ||| FLEEEEING.
 40558 | Depths:2 | 40558 ||| FLEEEEING.
 40559 | Depths:2 | 40559 ||| FLEEEEING.
 40560 | Depths:2 | 40560 ||| FLEEEEING.
 40561 | Depths:2 | 40561 ||| FLEEEEING.
 40562 | Depths:2 | 40562 ||| FLEEEEING.
 40563 | Depths:2 | 40563 ||| INVOKING Heroism.
 40571 | Depths:2 | HP: 34/141 [eight-headed hydra (5)]
 40572 | Depths:2 | 40572 ||| READING 15 scrolls of teleportation.
 40573 | Depths:2 | 40573 ||| DRINKING 8 potions of heal wounds.
 40775 | Depths:2 | 40775 ||| Stepping ~*~*~tactically~*~*~ (hiding).
 40776 | Depths:2 | Found a one-way gate leading to the halls of Pandemonium.
 40847 | Depths:2 | Reached XP level 22. HP: 147/147 MP: 29/29
 40881 | Depths:2 | 40881 ||| Stepping ~*~*~tactically~*~*~ (hiding).
 40900 | Depths:2 | Received a gift from Okawaru
 41140 | Depths:2 | 41140 ||| INVOKING Heroism.
 41141 | Depths:2 | 41141 ||| INVOKING Finesse.
 41442 | Depths:2 | Found a one-way gateway to a ziggurat.
 41560 | Depths:3 | 41560 ||| INVOKING Finesse.
 41658 | Depths:3 | 41658 ||| Stepping ~*~*~tactically~*~*~ (stealth).
 41668 | Depths:3 | 41668 ||| INVOKING Heroism.
 41691 | Depths:3 | 41691 ||| INVOKING Finesse.
 41710 | Depths:3 | Reached skill level 21 in Armour
 41711 | Depths:3 | Received a gift from Okawaru
 41728 | Depths:3 | Noticed a juggernaut
 41756 | Depths:3 | 41756 ||| INVOKING Heroism.
 41766 | Depths:3 | Killed a juggernaut
 41773 | Depths:3 | 41773 ||| Stepping ~*~*~tactically~*~*~ (hiding).
 41794 | Depths:3 | 41794 ||| INVOKING Heroism.
 41821 | Depths:3 | Received a gift from Okawaru
 41827 | Depths:3 | Reached skill level 19 in Fighting
 41833 | Depths:3 | 41833 ||| INVOKING Heroism.
 41852 | Depths:3 | Received a gift from Okawaru
 41951 | Depths:3 | 41951 ||| INVOKING Finesse.
 42002 | Depths:3 | 42002 ||| READING scroll of enchant weapon.
 42002 | Depths:3 | 42002 ||| ENCHANTING +3 broad axe of protection.
 42073 | Depths:3 | 42073 ||| Stepping ~*~*~tactically~*~*~ (stealth).
 42075 | Depths:3 | 42075 ||| Stepping ~*~*~tactically~*~*~ (hiding).
 42117 | Depths:3 | Noticed a golden dragon
 42118 | Depths:3 | 42118 ||| Stepping ~*~*~tactically~*~*~ (stealth).
 42133 | Depths:3 | 42133 ||| Stepping ~*~*~tactically~*~*~ (hiding).
 42139 | Depths:3 | 42139 ||| INVOKING Heroism.
 42153 | Depths:3 | Killed a golden dragon
 42357 | Depths:3 | 42357 ||| Stepping ~*~*~tactically~*~*~ (hiding).
 42360 | Depths:3 | 42360 ||| Stepping ~*~*~tactically~*~*~ (hiding).
 42384 | Depths:3 | 42384 ||| Stepping ~*~*~tactically~*~*~ (stealth).
 42395 | Depths:3 | Received a gift from Okawaru
 42516 | Depths:3 | 42516 ||| INVOKING Heroism.
 42519 | Depths:3 | Received a gift from Okawaru
 42521 | Depths:3 | HP: 34/149 [deep troll (7)]
 42522 | Depths:3 | 42522 ||| READING 14 scrolls of teleportation.
 42523 | Depths:3 | 42523 ||| DRINKING 7 potions of heal wounds.
 42920 | Depths:3 | 42920 ||| Stepping ~*~*~tactically~*~*~ (stealth).
 42922 | Depths:3 | 42922 ||| Stepping ~*~*~tactically~*~*~ (hiding).
 43047 | Depths:3 | 43047 ||| Stepping ~*~*~tactically~*~*~ (hiding).
 43051 | Depths:3 | 43051 ||| INVOKING Heroism.
 43193 | Depths:3 | Found a runed translucent door.
 43199 | Depths:3 | Noticed a golden dragon
 43397 | Depths:3 | Noticed a golden dragon
 43398 | Depths:3 | Noticed a caustic shrike
 43422 | Depths:3 | Noticed a golden dragon
 43495 | Depths:4 | Entered Level 4 of the Depths
 43502 | Depths:4 | 43502 ||| INVOKING Heroism.
 43525 | Depths:4 | 43525 ||| Stepping ~*~*~tactically~*~*~ (hiding).
 43526 | Depths:4 | 43526 ||| Stepping ~*~*~tactically~*~*~ (hiding).
 43527 | Depths:4 | 43527 ||| Stepping ~*~*~tactically~*~*~ (hiding).
 43528 | Depths:4 | 43528 ||| Stepping ~*~*~tactically~*~*~ (hiding).
 43563 | Depths:4 | 43563 ||| FLEEEEING.
 43565 | Depths:4 | 43565 ||| FLEEEEING.
 43565 | Depths:4 | Found Yqitua's Elemental Accessories.
 43566 | Depths:4 | 43566 ||| FLEEEEING.
 43567 | Depths:4 | 43567 ||| FLEEEEING.
 43568 | Depths:4 | 43568 ||| FLEEEEING.
 43569 | Depths:4 | 43569 ||| STAIRDANCE
 43859 | Depths:4 | 43859 ||| INVOKING Heroism.
 43887 | Depths:4 | 43887 ||| INVOKING Heroism.
 43889 | Depths:4 | 43889 ||| Stepping ~*~*~tactically~*~*~ (hiding).
 43940 | Depths:4 | Noticed a golden dragon
 43941 | Depths:4 | 43941 ||| FLEEEEING.
 43943 | Depths:4 | 43943 ||| FLEEEEING.
 43944 | Depths:4 | 43944 ||| FLEEEEING.
 43945 | Depths:4 | 43945 ||| STAIRDANCE
 44143 | Depths:4 | 44143 ||| STAIRDANCE
 44320 | Depths:4 | 44320 ||| INVOKING Heroism.
 44338 | Depths:4 | Killed a golden dragon
 44351 | Depths:4 | 44351 ||| Stepping ~*~*~tactically~*~*~ (hiding).
 44421 | Depths:4 | 44421 ||| INVOKING Heroism.
 44449 | Depths:4 | Reached XP level 23. HP: 80/155 MP: 30/30
 44469 | Depths:4 | 44469 ||| FLEEEEING.
 44471 | Depths:4 | Found a gate to the Realm of Zot.
 44477 | Depths:4 | 44477 ||| STAIRDANCE
 44758 | Depths:4 | 44758 ||| Stepping ~*~*~tactically~*~*~ (stealth).
 44777 | Depths:4 | 44777 ||| Stepping ~*~*~tactically~*~*~ (hiding).
 44778 | Depths:4 | 44778 ||| Stepping ~*~*~tactically~*~*~ (hiding).
 44794 | Depths:4 | Received a gift from Okawaru
 44885 | Depths:4 | 44885 ||| Stepping ~*~*~tactically~*~*~ (hiding).
 44972 | Depths:4 | Noticed Xtahua
 44973 | Depths:4 | 44973 ||| Stepping ~*~*~tactically~*~*~ (cloud).
 44974 | Depths:4 | 44974 ||| DRINKING 2 potions of resistance.
 44975 | Depths:4 | 44975 ||| INVOKING Heroism.
 44976 | Depths:4 | 44976 ||| INVOKING Finesse.
 44988 | Depths:4 | Killed Xtahua
 45241 | Depths:4 | 45241 ||| Stepping ~*~*~tactically~*~*~ (hiding).
 45242 | Depths:4 | 45242 ||| Stepping ~*~*~tactically~*~*~ (hiding).
 45429 | Depths:4 | 45429 ||| Stepping ~*~*~tactically~*~*~ (stealth).
 45434 | Depths:4 | 45434 ||| Stepping ~*~*~tactically~*~*~ (stealth).
 45446 | Depths:4 | Received a gift from Okawaru
 45783 | Depths:4 | 45783 ||| PLANNING VAULTS:5
 45983 | Vaults:5 | Entered Level 5 of the Vaults
 45984 | Vaults:5 | 45984 ||| INVOKING Heroism.
 45990 | Vaults:5 | Noticed a dread lich
 45998 | Vaults:5 | Reached skill level 20 in Fighting
 46013 | Vaults:5 | 46013 ||| STAIRDANCE
 46017 | Vaults:4 | 46017 ||| INVOKING Heroism.
 46022 | Vaults:4 | Killed a dread lich
 46022 | Vaults:4 | Received a gift from Okawaru
 46024 | Vaults:4 | HP: 39/156 [quicksilver dragon (6)]
 46025 | Vaults:4 | 46025 ||| READING 13 scrolls of teleportation.
 46026 | Vaults:4 | 46026 ||| DRINKING 7 potions of heal wounds.
 46311 | Vaults:5 | 46311 ||| INVOKING Heroism.
 46320 | Vaults:5 | Received a gift from Okawaru
 46327 | Vaults:5 | 46327 ||| DRINKING 20 potions of curing.
 46327 | Vaults:5 | 46327 ||| (to cure confusion)
 46333 | Vaults:5 | Noticed an ancient lich
 46334 | Vaults:5 | Reached skill level 9 in Dodging
 46334 | Vaults:5 | Received a gift from Okawaru
 46337 | Vaults:5 | HP: 23/156 [war gargoyle/spray of metal splinters (42)]
 46338 | Vaults:5 | 46338 ||| READING 12 scrolls of teleportation.
 46339 | Vaults:5 | 46339 ||| DRINKING 6 potions of heal wounds.
 46342 | Vaults:5 | HP: 34/156 [phantasmal warrior (8)]
 46343 | Vaults:5 | 46343 ||| READING 11 scrolls of teleportation.
 46344 | Vaults:5 | 46344 ||| DRINKING 5 potions of heal wounds.
 46345 | Vaults:5 | 46345 ||| DRINKING 4 potions of heal wounds.
 46346 | Vaults:5 | 46346 ||| DRINKING 3 potions of heal wounds.
 46348 | Vaults:5 | HP: 31/156 [yaktaur captain/bolt (14)]
 46349 | Vaults:5 | 46349 ||| READING 10 scrolls of teleportation.
 46349 | Vaults:5 | HP: 13/156 [yaktaur captain/bolt (19)]
 46350 | Vaults:5 | 46350 ||| DRINKING 2 potions of heal wounds.
 46351 | Vaults:5 | 46351 ||| DRINKING potion of heal wounds.
 46353 | Vaults:5 | 46353 ||| READING 9 scrolls of teleportation.
 46362 | Vaults:5 | 46362 ||| INVOKING Heroism.
 46363 | Vaults:5 | HP: 36/156 [tengu reaver/+0 war axe (9)]
 46364 | Vaults:5 | 46364 ||| READING 8 scrolls of teleportation.
 46367 | Vaults:5 | Reached skill level 21 in Shields
 46375 | Vaults:5 | 46375 ||| READING 7 scrolls of teleportation.
 46376 | Vaults:5 | HP: 26/156 [tengu reaver/+0 great mace (4)]
 46377 | Vaults:5 | 46377 ||| READING 6 scrolls of teleportation.
 46405 | Vaults:5 | 46405 ||| INVOKING Heroism.
 46418 | Vaults:5 | HP: 30/152 [shadow dragon/bolt of negative energy (15)]
 46419 | Vaults:5 | 46419 ||| READING 5 scrolls of teleportation.
 46422 | Vaults:5 | HP: 10/147 [shadow dragon/bolt of negative energy (21)]
 46426 | Vaults:5 | 46426 ||| Stepping ~*~*~tactically~*~*~ (stealth).
 46437 | Vaults:5 | 46437 ||| READING 4 scrolls of teleportation.
 46438 | Vaults:5 | 46438 ||| INVOKING Heroism.
 46444 | Vaults:5 | 46444 ||| READING 3 scrolls of teleportation.
 46450 | Vaults:5 | 46450 ||| READING 2 scrolls of teleportation.
 46456 | Vaults:5 | 46456 ||| READING scroll of teleportation.
 46478 | Vaults:5 | HP: 27/150 [brown very ugly thing (4)]
 46489 | Vaults:5 | HP: 12/153 [fire giant/fireball (16)]
 46509 | Vaults:5 | Received a gift from Okawaru
 46521 | Vaults:5 | 46521 ||| INVOKING Heroism.
 46551 | Vaults:5 | 46551 ||| STAIRDANCE
 46833 | Vaults:5 | 46833 ||| INVOKING Heroism.
 46849 | Vaults:5 | 46849 ||| INVOKING Finesse.
 46911 | Vaults:5 | Reached skill level 21 in Fighting
 46928 | Vaults:5 | 46928 ||| Stepping ~*~*~tactically~*~*~ (stealth).
 46934 | Vaults:5 | 46934 ||| INVOKING Heroism.
 46935 | Vaults:5 | 46935 ||| INVOKING Finesse.
 46946 | Vaults:5 | Received a gift from Okawaru
 47009 | Vaults:5 | Noticed Margery
 47009 | Vaults:5 | Identified the quicksilver dragon scales of the Bells
                  | {Drain rF+ Will+ Str+6 Dex+3}
 47009 | Vaults:5 | Identified the +7 falchion of Wyrd {heavy, rF+++ Will-
                  | Dex+8 Stlth-}
 47010 | Vaults:5 | 47010 ||| DRINKING potion of resistance.
 47011 | Vaults:5 | 47011 ||| INVOKING Heroism.
 47022 | Vaults:5 | Killed Margery
 47022 | Vaults:5 | Received a gift from Okawaru
 47072 | Vaults:5 | 47072 ||| FLEEEEING.
 47073 | Vaults:5 | 47073 ||| FLEEEEING.
 47073 | Vaults:5 | Noticed an ancient lich
 47074 | Vaults:5 | 47074 ||| STAIRDANCE
 47196 | Vaults:4 | 47196 ||| DROPPING amulet of the acrobat.
 47199 | Vaults:5 | 47199 ||| INVOKING Heroism.
 47211 | Vaults:5 | Killed an ancient lich
 47214 | Vaults:5 | 47214 ||| Stepping ~*~*~tactically~*~*~ (hiding).
 47215 | Vaults:5 | 47215 ||| Stepping ~*~*~tactically~*~*~ (hiding).
 47238 | Vaults:5 | Received a gift from Okawaru
 47240 | Vaults:5 | 47240 ||| READING scroll of enchant weapon.
 47240 | Vaults:5 | 47240 ||| ENCHANTING +4 broad axe of protection.
 47266 | Vaults:5 | Reached XP level 24. HP: 168/168 MP: 30/30
 47267 | Vaults:5 | 47267 ||| INVOKING Finesse.
 47276 | Vaults:5 | 47276 ||| INVOKING Heroism.
 47288 | Vaults:5 | Reached skill level 22 in Fighting
 47300 | Vaults:5 | Killed an ancient lich
 47300 | Vaults:5 | Received a gift from Okawaru
 47441 | Vaults:5 | Got a silver rune of Zot
 47460 | Vaults:5 | 47460 ||| Stepping ~*~*~tactically~*~*~ (stealth).
 47462 | Vaults:5 | 47462 ||| Stepping ~*~*~tactically~*~*~ (hiding).
 47471 | Vaults:5 | 47471 ||| Stepping ~*~*~tactically~*~*~ (hiding).
 47497 | Vaults:5 | 47497 ||| Stepping ~*~*~tactically~*~*~ (hiding).
 47515 | Vaults:5 | 47515 ||| Stepping ~*~*~tactically~*~*~ (hiding).
 47536 | Vaults:5 | 47536 ||| Stepping ~*~*~tactically~*~*~ (stealth).
 47685 | Vaults:5 | 47685 ||| Stepping ~*~*~tactically~*~*~ (hiding).
 47764 | Vaults:5 | 47764 ||| INVOKING Heroism.
 47795 | Vaults:5 | 47795 ||| READING scroll of enchant armour.
 47795 | Vaults:5 | 47795 ||| ENCHANTING +4 crystal plate armour.
 47846 | Vaults:5 | 47846 ||| INVOKING Heroism.
 47873 | Vaults:5 | 47873 ||| INVOKING Heroism.
 47966 | Vaults:5 | 47966 ||| Stepping ~*~*~tactically~*~*~ (hiding).
 48084 | Vaults:5 | Reached skill level 12 in Throwing
 48110 | Vaults:5 | 48110 ||| INVOKING Heroism.
 48111 | Vaults:5 | 48111 ||| Stepping ~*~*~tactically~*~*~ (hiding).
 48241 | Vaults:5 | Received a gift from Okawaru
 48411 | Vaults:5 | Identified the +1 chain mail of Gidykh {Str+4}
 48448 | Vaults:5 | 48448 ||| PLANNING SHOPPING SPREE
 48448 | Vaults:5 | 48448 ||| DROPPING +0 pair of boots of rampaging.
 48613 | Orc:2    | 48613 ||| BUYING +5 ring of evasion (468 gold).
 48613 | Orc:2    | Bought a +5 ring of evasion for 468 gold pieces
 48613 | Orc:2    | 48613 ||| BUYING ring of protection from fire (325 gold).
 48613 | Orc:2    | Bought a ring of protection from fire for 325 gold pieces
 48613 | Orc:2    | 48613 ||| DROPPING ring of fire.
 48614 | Orc:2    | 48614 ||| DROPPING ring of willpower.
 48615 | Orc:2    | 48615 ||| UPGRADING to +5 ring of evasion.
 48646 | Orc:1    | 48646 ||| BUYING +5 broad axe of Internal Strife {venom,
                  | rC+ rCorr} (592 gold).
 48646 | Orc:1    | Bought the +5 broad axe of Internal Strife {venom, rC+
                  | rCorr} for 592 gold pieces
 48646 | Orc:1    | 48646 ||| PLANNING ZOT:1-4
 48755 | Depths:2 | 48755 ||| UPGRADING to ring of protection from fire.
 48923 | Zot:1    | Entered Level 1 of the Realm of Zot
 48924 | Zot:1    | 48924 ||| INVOKING Heroism.
 48946 | Zot:1    | Received a gift from Okawaru
 49075 | Zot:1    | 49075 ||| Stepping ~*~*~tactically~*~*~ (hiding).
 49076 | Zot:1    | 49076 ||| INVOKING Heroism.
 49088 | Zot:1    | Noticed Vv
 49089 | Zot:1    | 49089 ||| Stepping ~*~*~tactically~*~*~ (hiding).
 49091 | Zot:1    | 49091 ||| Stepping ~*~*~tactically~*~*~ (hiding).
 49095 | Zot:1    | 49095 ||| Stepping ~*~*~tactically~*~*~ (stealth).
 49097 | Zot:1    | 49097 ||| INVOKING Finesse.
 49120 | Zot:1    | Killed Vv
 49385 | Zot:1    | Found the +3 Elemental Staff {rElec rF+ rC+ AC+3}
 49409 | Zot:1    | 49409 ||| INVOKING Heroism.
 49487 | Zot:1    | 49487 ||| Stepping ~*~*~tactically~*~*~ (hiding).
 49492 | Zot:1    | 49492 ||| INVOKING Heroism.
 49539 | Zot:1    | 49539 ||| Stepping ~*~*~tactically~*~*~ (stealth).
 49555 | Zot:1    | 49555 ||| INVOKING Heroism.
 49572 | Zot:1    | Received a gift from Okawaru
 49678 | Zot:1    | 49678 ||| READING scroll of enchant armour.
 49678 | Zot:1    | 49678 ||| ENCHANTING +5 crystal plate armour.
 49679 | Zot:1    | 49679 ||| Stepping ~*~*~tactically~*~*~ (stealth).
 49680 | Zot:1    | 49680 ||| Stepping ~*~*~tactically~*~*~ (stealth).
 49857 | Zot:1    | 49857 ||| INVOKING Heroism.
 49876 | Zot:1    | 49876 ||| INVOKING Heroism.
 49886 | Zot:1    | HP: 42/168 [storm dragon (10)]
 49887 | Zot:1    | 49887 ||| READING 2 scrolls of teleportation.
 49888 | Zot:1    | 49888 ||| DRINKING potion of heal wounds.
 50204 | Zot:1    | 50204 ||| INVOKING Heroism.
 50534 | Zot:1    | 50534 ||| Stepping ~*~*~tactically~*~*~ (hiding).
 50536 | Zot:1    | 50536 ||| INVOKING Heroism.
 50565 | Zot:1    | 50565 ||| Stepping ~*~*~tactically~*~*~ (stealth).
 50587 | Zot:1    | 50587 ||| INVOKING Heroism.
 50596 | Zot:1    | 50596 ||| Stepping ~*~*~tactically~*~*~ (stealth).
 50758 | Zot:1    | Identified the +5 flail "Vuurisel" {protect, rF+}
 50817 | Zot:1    | 50817 ||| Stepping ~*~*~tactically~*~*~ (hiding).
 51027 | Zot:1    | 51027 ||| DROPPING quicksilver dragon scales of the Bells
                  | {Drain rF+ Will+ Str+6 Dex+3}.
 51080 | Zot:2    | 51080 ||| INVOKING Heroism.
 51091 | Zot:2    | Received a gift from Okawaru
 51373 | Zot:2    | 51373 ||| INVOKING Heroism.
 51377 | Zot:2    | HP: 36/170 [white draconian stormcaller/blast of cold (17)]
 51378 | Zot:2    | 51378 ||| READING scroll of teleportation.
 51385 | Zot:2    | Reached skill level 23 in Fighting
 51386 | Zot:2    | HP: 10/171 [white draconian/blast of cold (22)]
 51739 | Zot:2    | 51739 ||| Stepping ~*~*~tactically~*~*~ (hiding).
 51740 | Zot:2    | Noticed a curse toe
 51741 | Zot:2    | 51741 ||| INVOKING Heroism.
 51745 | Zot:2    | HP: 39/171 [??? (10)]
 51747 | Zot:2    | 51747 ||| Stepping ~*~*~tactically~*~*~ (hiding).
 51757 | Zot:2    | HP: 27/171 [??? (6)]
 51763 | Zot:2    | Killed a curse toe
 51766 | Zot:2    | HP: 24/171 [ghost moth (6)]
 52127 | Zot:2    | 52127 ||| INVOKING Heroism.
 52145 | Zot:2    | Received a gift from Okawaru
 52359 | Zot:2    | 52359 ||| Stepping ~*~*~tactically~*~*~ (hiding).
 52386 | Zot:2    | You are sucked into a shaft and drop 1 floor!
 52388 | Zot:3    | Found a transporter.
 52390 | Zot:3    | Found a transporter.
 52407 | Zot:3    | 52407 ||| INVOKING Heroism.
 52408 | Zot:3    | Found a transporter.
 52409 | Zot:3    | Identified the +1 leather armour of Jaxol {rElec}
 52514 | Zot:3    | 52514 ||| Stepping ~*~*~tactically~*~*~ (hiding).
 52518 | Zot:3    | 52518 ||| INVOKING Heroism.
 52544 | Zot:2    | Noticed a curse toe
 52548 | Zot:2    | 52548 ||| INVOKING Heroism.
 52565 | Zot:2    | Killed a curse toe
 52566 | Zot:2    | Reached XP level 25. HP: 98/176 MP: 30/30
 52776 | Zot:2    | 52776 ||| READING scroll of brand weapon.
 52776 | Zot:2    | 52776 ||| BRANDING +5 broad axe of protection.
 52810 | Zot:2    | Identified the ring "Raxeala" {Ice Int+6}
 52810 | Zot:2    | Noticed Josephina
 52820 | Zot:2    | 52820 ||| INVOKING Heroism.
 52832 | Zot:2    | Killed Josephina
 52840 | Zot:2    | HP: 40/170 [moth of wrath simulacrum[Josephina] (16)]
 53411 | Zot:2    | 53411 ||| INVOKING Heroism.
 53565 | Zot:2    | 53565 ||| INVOKING Heroism.
 53716 | Zot:3    | 53716 ||| STAIRDANCE
 53793 | Zot:3    | 53793 ||| Stepping ~*~*~tactically~*~*~ (hiding).
 53889 | Zot:3    | Noticed an orb of fire
 53890 | Zot:3    | 53890 ||| INVOKING Heroism.
 53895 | Zot:3    | Gained mutation: You are occasionally teleported next to
                  | monsters. [an orb of fire]
 53917 | Zot:3    | Killed an orb of fire
 53933 | Zot:3    | Received a gift from Okawaru
 53965 | Zot:3    | 53965 ||| DRINKING 2 potions of mutation.
 53965 | Zot:3    | Lost mutation: You are occasionally teleported next to
                  | monsters. [potion of mutation]
 53965 | Zot:3    | Lost mutation: You expend magic power (3 MP) to strengthen
                  | your wands. [potion of mutation]
 53965 | Zot:3    | Lost mutation: Your body sometimes deteriorates upon taking
                  | damage. [potion of mutation]
 53965 | Zot:3    | Gained mutation: You occasionally lose the ability to drink
                  | potions when taking damage. [potion of mutation]
 53965 | Zot:3    | Gained mutation: You have razor-sharp toenails. [potion of
                  | mutation]
 53966 | Zot:3    | 53966 ||| INVOKING Heroism.
 53998 | Zot:3    | 53998 ||| DRINKING potion of mutation.
 53998 | Zot:3    | Lost mutation: Your flesh is cold resistant. (rC+) [potion
                  | of mutation]
 53998 | Zot:3    | Lost mutation: You occasionally lose the ability to drink
                  | potions when taking damage. [potion of mutation]
 53998 | Zot:3    | Lost mutation: You have razor-sharp toenails. [potion of
                  | mutation]
 53998 | Zot:3    | Gained mutation: You have a pair of small horns on your
                  | head. [potion of mutation]
 53998 | Zot:3    | Gained mutation: Armour fits poorly on your strangely
                  | shaped body. [potion of mutation]
 53998 | Zot:3    | Gained mutation: You have razor-sharp toenails. [potion of
                  | mutation]
 54081 | Zot:3    | 54081 ||| Stepping ~*~*~tactically~*~*~ (stealth).
 54083 | Zot:3    | 54083 ||| Stepping ~*~*~tactically~*~*~ (hiding).
 54100 | Zot:3    | Received a gift from Okawaru
 54115 | Zot:3    | Found a transporter.
 54134 | Zot:3    | Reached skill level 24 in Fighting
 54160 | Zot:3    | 54160 ||| Stepping ~*~*~tactically~*~*~ (hiding).
 54162 | Zot:3    | 54162 ||| Stepping ~*~*~tactically~*~*~ (hiding).
 54163 | Zot:3    | 54163 ||| Stepping ~*~*~tactically~*~*~ (hiding).
 54165 | Zot:3    | 54165 ||| INVOKING Heroism.
 54216 | Zot:3    | Noticed an orb of fire
 54217 | Zot:3    | 54217 ||| INVOKING Heroism.
 54233 | Zot:3    | Received a gift from Okawaru
 54235 | Zot:3    | Gained mutation: You are dopey. (Int -2) [an orb of fire]
 54246 | Zot:3    | Gained mutation: You are frail. (-10% HP) [an orb of fire]
 54250 | Zot:3    | Gained mutation: You do not regenerate when monsters are
                  | visible. [an orb of fire]
 54251 | Zot:3    | Killed an orb of fire
 54573 | Zot:3    | 54573 ||| Stepping ~*~*~tactically~*~*~ (hiding).
 54574 | Zot:3    | 54574 ||| Stepping ~*~*~tactically~*~*~ (hiding).
 54575 | Zot:3    | 54575 ||| Stepping ~*~*~tactically~*~*~ (hiding).
 54576 | Zot:3    | 54576 ||| INVOKING Heroism.
 54583 | Zot:3    | Received a gift from Okawaru
 54599 | Zot:3    | 54599 ||| DROPPING +1 helmet "Avegy" {Regen+ Int+4}.
 54666 | Zot:4    | 54666 ||| INVOKING Heroism.
 54692 | Zot:4    | HP: 38/160 [shadow dragon (10)]
 54693 | Zot:4    | 54693 ||| READING scroll of teleportation.
 54693 | Zot:4    | Demolished by a golden dragon

Levels and vault maps discovered:
D:1:      denvon_arrival_planthouse, layout_basic,
          hangedman_abyss_or_decor_lesser_grid, chequers_serial_rivers_micro_a,
          dreamdust_princess_bridge
D:2:      layout_loops_ring, uniq_sigmund
D:3:      layout_loops_ring, shapermc_ecumenical_altar_flowoftime, uniq_robin,
          uniq_natasha, uniq_grinder
D:4:      layout_rooms, mainiacjoe_overflow_tiny_flanked, kennysheep_little_box,
          uniq_crazy_yiuf_cottage
D:5:      minmay_octagon_keep, layout_loops_ring,
          chequers_temple_overflow_statue_of_worship, temple_green,
          serial_shops, nicolae_shop_pleasant_corner_grove
D:6:      minmay_clustersquares, layout_rooms
D:7:      layout_basic
D:8:      layout_basic, minmay_misc_feat_alley, nicolae_nh_oracle_at_delphi
D:9:      cheibrodos_helix_gallery, layout_basic, marbit_many_paths,
          serial_glass, glass_columns_a, glass_columns_b,
          minmay_strange_pillars, uniq_psyche, uniq_harold
D:10:     layout_gridville, chequers_mini_garden, grunt_ministairs_2,
          uniq_joseph
D:11:     layout_rooms, lair_entry_dummy, chequers_decorated_corner
D:12:     layout_irregular_city, david_orc_1_choice, uniq_sonja
D:13:     layout_loops_ring, david_vaults_4, gauntlet_entry_generic,
          nicolae_eternal_life, uniq_nessos
D:14:     layout_rooms, lemuel_coloured_pillars_altar, serial_shops, shop,
          minivault_20, nicolae_shop_sticking_my_neck_out
D:15:     grunt_enter_depths_magical_seal, layout_irregular_city,
          skrybe_limestone_x
Temple:   compressed_dpeg_triangle_lava_temple
Lair:1:   layout_cave_pods, enter_volcano_2
Lair:2:   layout_cave_pods, spider_nest_entry_rubble,
          portal_ice_cave_entry_ice_simulacra,
          eino_small_chamber_without_monster, beast_lair_carwin_10,
          grunt_megastairs_1
Lair:3:   layout_hall_layers, minmay_swamp_entry_swarm, basic_altar,
          ebering_ghost_disaster_area, grunt_megastairs_4,
          infiniplex_staircase_pool, uniq_nergalle
Lair:4:   layout_misc_corridors, serial_bayou_lagoon_b, serial_bayou_shore_a
Lair:5:   minmay_lair_end_enchanted_forest, layout_hall_layers, slime_entry_1
Swamp:1:  layout_basic_swamp, evilmike_swamp_ruin_house_4, swamp_pool3
Swamp:2:  layout_falls_marsh, nicolae_swamp_bean_lake, uniq_mlioglotl,
          uniq_donald, uniq_nikola
Swamp:3:  layout_basic_swamp, hangedman_swamp_blocks, swamp_pool2, uniq_kirke,
          uniq_bai_suzhen
Swamp:4:  byrel_swamp_growth_death_and_undeath, layout_basic_swamp, swamp_pool3,
          uniq_louise
Spider:1: nicolae_spider_hall_of_the_moth_king
Spider:2: layout_spider_delve
Spider:3: layout_spider_delve, uniq_roxanne
Spider:4: spider_rune_water
Orc:1:    layout_caves, serial_shops, shop
Orc:2:    st_orc_mages, layout_caves, basic_altar, serial_shops, bzr_entry_road
Vaults:1: ontoclasm_vaults_pinch, nicolae_vaults_big_angled_halls,
          nicolae_vaults_meiosis, nicolae_vaults_security_offices_1, v_misc_11,
          ontoclasm_vaults_bender, nicolae_vaults_turnstiles,
          hangedman_vaults_cutoff, v_misc_18, nicolae_vaults_little_squares_3,
          vaults_room_stairs_pillars, nicolae_vaults_tetromino_L_2,
          layout_vaults_big_room, serial_shops,
          nicolae_shop_pleasant_corner_grove, uniq_zenata
Vaults:2: ontoclasm_vaults_chip, minmay_crypt_entry_simple_plaza,
          nicolae_vaults_spaceships, ontoclasm_vaults_twist,
          nicolae_vaults_corridor_and_loot_room, ontoclasm_vaults_ring_small,
          nicolae_vaults_angled_halls, nicolae_vaults_more_shelving_1,
          vaults_mumra_hexcomb, v_misc_16, vaults_mumra_minichess,
          layout_vaults_ring
Vaults:3: nicolae_vaults_tetromino_T_2, nicolae_vaults_doubleplus_tesselated,
          v_misc_16, v_misc_13, vaults_room_door_ring, v_misc_24,
          nicolae_vaults_network_square, grunt_vaults_funnel,
          layout_vaults_omnibox
Vaults:4: hangedman_vaults_impose, nicolae_vaults_little_squares_4,
          nicolae_vaults_theta, vaults_room_hallway,
          hangedman_vaults_variations, v_misc_17, vaults_room_grid,
          nicolae_vaults_diamond_2, nicolae_vaults_closet_pinwheel_1,
          layout_vaults_omnigrid, serial_shops, nicolae_shop_back_alley_shop,
          uniq_jory
Vaults:5: uniq_margery
Depths:1: layout_forbidden_donut, minmay_misc_feat_square, hellmouth_1,
          gammafunk_ghost_mausoleum, serial_shops, shop_fountains,
          nicolae_qazlal_eye_of_the_storm
Depths:2: dreamdust_hydra_shepherd, layout_cave_shapes, enter_ziggurat_c,
          hellmouth_3, hangedman_abyss_or_decor_stagger, abyss_entry,
          rand_demon_pan_entry_5, infiniplex_staircase_pool_2
Depths:3: minmay_the_grid_net [minmay_the_grid_embedded,
          minmay_the_grid_gridbox, minmay_the_grid_outer_diamond,
          minmay_the_grid_tree, minmay_the_grid_large_cup,
          minmay_the_grid_prize_four_corners], layout_gridville,
          pf_vacation_house_of_asmodeus, abyss_entry_crystal,
          lightli_gold_pyramid, minmay_staircase_bubble
Depths:4: grunt_crosshair, layout_cave_shapes, serial_sigils,
          serial_sigils_hangedman_scar, serial_sigils_hangedman_stare,
          serial_sigils_hangedman_confine, serial_sigils_hangedman_snap,
          serial_sigils_hangedman_scratch, serial_sigils_hangedman_shear,
          pf_coc_iceberg, abyss_entry, nicolae_elemental_shop, uniq_xtahua
Zot:1:    kennysheep_blocky_hall, layout_gridlike, st_small_dragon_hoard_3,
          uniq_vv
Zot:2:    layout_gridlike, uniq_josephina
Zot:3:    layout_twisted_circle, nicolae_diode_intersection
Zot:4:    layout_basic

Skill      XL: |  1  2  3  4  5  6  7  8  9 10 11 12 13 14 15 16 17 18 19 20 21 22 23 24 25 |
---------------+----------------------------------------------------------------------------+-----
Axes           | 2 3 5 6 8 10 11 12 14 15 17 18 | 18.0
Throwing       | 1 2 3 4 5 6 7 8 9 10 11 13 | 13.7
Fighting       | 5 6 7 8 9 10 11 12 13 15 16 17 18 19 21 23 24 | 24.0
Dodging        | 1 2 3 5 6 7 8 9 10 | 10.0
Invocations    | 2 4 9 10 | 10.0
Shields        | 4 8 9 10 11 13 16 17 18 19 20 21 22 | 22.0
Armour         | 4 5 6 8 9 11 12 13 15 18 20 22 | 22.0

Action                     |  1- 3 |  4- 6 |  7- 9 | 10-12 | 13-15 | 16-18 | 19-21 | 22-24 | 25-27 || total
---------------------------+-------+-------+-------+-------+-------+-------+-------+-------+-------++-------
  Melee: War axe           |    68 |    49 |   330 |   170 |       |       |       |       |       ||   617
         Unarmed           |       |       |       |     3 |       |       |       |       |       ||     3
         Broad axe         |       |       |       |   305 |  1045 |  1275 |  1555 |  1554 |   293 ||  6027
         Morningstar       |       |       |       |       |    22 |    37 |       |       |       ||    59
         Bite              |       |       |       |       |       |       |    86 |       |       ||    86
         Headbutt          |       |       |       |       |       |       |       |       |    32 ||    32
  Throw: Javelin           |    29 |    19 |    67 |    21 |    55 |   106 |    73 |    45 |    20 ||   435
         Boomerang         |       |       |       |    64 |   132 |    85 |   148 |    65 |       ||   494
 Invoke: Heroism           |       |       |     2 |    19 |    30 |    36 |    19 |    47 |     9 ||   162
         Finesse           |       |       |       |       |     6 |     7 |    12 |     9 |       ||    34
  Evoke: Wand              |       |       |       |       |     1 |       |       |       |       ||     1
    Use: Scroll            |     5 |       |    11 |     6 |     3 |     3 |     5 |    20 |     2 ||    55
         Potion            |       |     1 |     3 |     8 |     3 |     1 |     7 |    12 |     2 ||    37
   Stab: Confused          |       |       |       |       |       |     1 |       |       |       ||     1
         Distracted        |       |       |       |       |       |     1 |       |     1 |       ||     2
 Armour: Scale mail        |    30 |    21 |    69 |    10 |       |       |       |       |       ||   130
         Ring mail         |       |       |    35 |       |       |       |       |       |       ||    35
         Chain mail        |       |       |       |   172 |   197 |       |       |       |       ||   369
         Plate armour      |       |       |       |       |   100 |   576 |   105 |       |       ||   781
         Crystal plate arm |       |       |       |       |       |       |   392 |   772 |   150 ||  1314
  Dodge: Dodged            |    32 |    15 |   213 |   222 |   315 |   574 |   432 |   640 |   167 ||  2610
  Block: Buckler           |    11 |    12 |   148 |    21 |       |       |       |       |       ||   192
         Reflection        |       |       |     4 |    11 |    19 |       |       |       |       ||    34
         Kite shield       |       |       |       |   403 |   491 |       |       |       |       ||   894
         Other             |       |       |       |     2 |       |       |       |       |       ||     2
         Tower shield      |       |       |       |       |   476 |  1593 |  1636 |  1796 |   353 ||  5854

Table legend:
 A = Non-vault XP
 B = Vault XP
 C = Vault XP percentage of total XP
 D = Non-vault monster count
 E = Vault monster count
 F = Vault count percentage of total count
                 A         B        C        D         E       F
            +---------+---------+-------+---------+---------+-------
      Total |  636891 |  391044 |  38.0 |    1285 |     586 |  31.3
            +---------+---------+-------+---------+---------+-------
        D:1 |      44 |       0 |   0.0 |      28 |       0 |   0.0
        D:2 |      60 |     223 |  78.8 |      20 |       1 |   4.8
        D:3 |      66 |     324 |  83.1 |      11 |      10 |  47.6
        D:4 |     303 |       0 |   0.0 |      18 |       0 |   0.0
        D:5 |     610 |     380 |  38.4 |      23 |      10 |  30.3
        D:6 |     402 |    1053 |  72.4 |       9 |      12 |  57.1
        D:7 |     783 |       0 |   0.0 |      19 |       0 |   0.0
        D:8 |     991 |     322 |  24.5 |      30 |       2 |   6.2
        D:9 |    1398 |    1610 |  53.5 |      13 |       5 |  27.8
       D:10 |    5079 |    1125 |  18.1 |      28 |       6 |  17.6
       D:11 |    3201 |       0 |   0.0 |      17 |       0 |   0.0
       D:12 |    6398 |    1409 |  18.0 |      24 |      10 |  29.4
       D:13 |   13757 |    5107 |  27.1 |      28 |       6 |  17.6
       D:14 |   13085 |    1705 |  11.5 |      26 |       2 |   7.1
       D:15 |   11232 |    5275 |  32.0 |      18 |      10 |  35.7
     Lair:1 |    2201 |       0 |   0.0 |      10 |       0 |   0.0
     Lair:2 |    7032 |    2716 |  27.9 |      28 |      19 |  40.4
     Lair:3 |    8276 |    1832 |  18.1 |      30 |       7 |  18.9
     Lair:4 |    3900 |       0 |   0.0 |      17 |       0 |   0.0
     Lair:5 |   17018 |    7553 |  30.7 |      55 |      40 |  42.1
    Swamp:1 |   16363 |       0 |   0.0 |      35 |       0 |   0.0
    Swamp:2 |    6225 |    5702 |  47.8 |      16 |       3 |  15.8
    Swamp:3 |   19130 |    5606 |  22.7 |      26 |       8 |  23.5
    Swamp:4 |    8704 |   26493 |  75.3 |      18 |      44 |  71.0
   Spider:1 |   20611 |   10716 |  34.2 |      61 |      13 |  17.6
   Spider:2 |   23876 |       0 |   0.0 |      68 |       0 |   0.0
   Spider:3 |    8694 |    1275 |  12.8 |      22 |       1 |   4.3
   Spider:4 |   21533 |   17189 |  44.4 |      49 |      35 |  41.7
      Orc:1 |    3735 |       0 |   0.0 |      36 |       0 |   0.0
      Orc:2 |    3346 |    4948 |  59.7 |      44 |      48 |  52.2
   Vaults:1 |   32898 |   17780 |  35.1 |      41 |      30 |  42.3
   Vaults:2 |   17534 |   31457 |  64.2 |      31 |      39 |  55.7
   Vaults:3 |   31605 |    3655 |  10.4 |      50 |       5 |   9.1
   Vaults:4 |   30269 |   22267 |  42.4 |      42 |      17 |  28.8
   Vaults:5 |   19616 |  107144 |  84.5 |      24 |      95 |  79.8
   Depths:1 |   24490 |    3207 |  11.6 |      33 |       4 |  10.8
   Depths:2 |   47008 |   22858 |  32.7 |      56 |      31 |  35.6
   Depths:3 |   31191 |   35197 |  53.0 |      34 |      30 |  46.9
   Depths:4 |   35395 |   19353 |  35.3 |      39 |      17 |  30.4
      Zot:1 |   40565 |   17770 |  30.5 |      34 |      11 |  24.4
      Zot:2 |   49094 |    4027 |   7.6 |      45 |       5 |  10.0
      Zot:3 |   43690 |       0 |   0.0 |      25 |       0 |   0.0
      Zot:4 |    5483 |       0 |   0.0 |       4 |       0 |   0.0
   Gauntlet |       0 |    3766 | 100.0 |       0 |      10 | 100.0
            +---------+---------+-------+---------+---------+-------
